 Dungeon Crawl Stone Soup version 0.30-a0-12-gd8047c6341 (webtiles) character file.

Game seed: 17045164072753614473

2583119 spiderkeys the Pyromancer (level 27, 206/217 HPs)
             Began as an Octopode Fire Elementalist on Aug 18, 2022.
             Was the Champion of Vehumet.
             Escaped with the Orb
             ... and 5 runes on Aug 23, 2022!
             The game lasted 04:48:49 (96265 turns).

spiderkeys the Pyromancer (OpFE)                   Turns: 96265, Time: 04:48:50

Health: 206/217    AC: 40    Str: 18    XL:     27
Magic:  17/48      EV: 25    Int: 32    God:    Vehumet [******]
Gold:   4950       SH: 13    Dex: 12    Spells: 1/68 levels left

rFire   + + +      SeeInvis +    y - +10 trident of the Hierophant {spect, rF+}
rCold   + + .      Faith    .    r - +3 buckler {reflect}
rNeg    + . .      Spirit   .    E - +1 hat of Minor Irritation {rPois rF+++ Regen+ Dex-5}
rPois   ∞          Reflect  +    u - amulet of reflection
rElec   +          Harm     .    F - ring "Mukirel" {Fire Fly rElec rPois Stlth+}
rCorr   +          Rampage  .    O - +4 ring of protection
Will    ++...                    b - ring of the Hare {EV+8}
Stlth   ++........               C - ring of ice
HPRegen 1.26/turn                j - ring "Bokusheq" {rCorr Str+2 SInv}
MPRegen 0.31/turn                v - ring of ice
                                 D - ring "Meroikhu" {AC+4 Dex+4}
                                 J - ring of Xabrenol {rC+ Str+6 Int+4}

@: statue-form, flying, studying 4 skills, very slow
A: slow and powerful, torment resistance 1, boosted hp, almost no armour,
amphibious, 8 rings, camouflage 1, (gelatinous body 1), (nimble swimmer 1),
tentacles, (iridescent scales 1), frail 1, MP-powered wands
0: Orb of Zot
}: 5/15 runes: barnacled, slimy, silver, abyssal, gossamer
a: End Transformation, Renounce Religion


You escaped.
You worshipped Vehumet.
Vehumet was exalted by your worship.
You were a living statue of rough stone.
You visited 13 branches of the dungeon, and saw 57 of its levels.
You visited the Abyss 2 times.
You visited 1 ziggurat, and saw 10 of its levels.
You also visited: Ice Cave and Wizlab.

You collected 11518 gold pieces.
You spent 6568 gold pieces at shops.


Innate Abilities, Weirdness & Mutations

You are a living statue of rough stone.
Your actions are slow, but your melee attacks are powerful.
You are resistant to unholy torment.
Your maximum health is greatly increased.
You are immune to poison.
You cannot wear most types of armour.
You are amphibious.
You can wear up to eight rings at the same time.
Your skin changes colour to match your surroundings (Stealth+).
((Your rubbery body absorbs attacks. (AC +1, EV +1)))
((You are camouflaged when in or above water. (Stealth+)))
You have tentacles for arms and can constrict up to eight enemies at once.
((You are partially covered in iridescent scales. (AC +2)))
You are frail. (-10% HP)
You expend magic power (3 MP) to strengthen your wands.


   Skills:
 + Level 15.0 Fighting
 - Level 14.0 Dodging
 - Level 10.0 Stealth
 - Level 5.0 Shields
 - Level 21.0 Spellcasting
 - Level 18.0 Conjurations
 * Level 15.2 Necromancy
 - Level 6.6 Translocations
 - Level 12.0 Transmutations
 - Level 23.0 Fire Magic
 - Level 12.0 Ice Magic
 - Level 1.0 Air Magic
 - Level 22.0 Earth Magic
 - Level 11.7 Evocations


You had one spell level left.
You knew the following spells:

 Your Spells              Type           Power      Damage    Failure   Level
e - Irradiate             Conj/Tmut      46%        3d27      1%          5
f - Fire Storm            Conj/Fire      64%        8d16      8%          9
i - Iron Shot             Conj/Erth      52%        9d10      1%          6
n - Necromutation         Tmut/Necr      44%        N/A       30%         8
o - Ozocubu's Refrigerat  Ice            64%        4d21      2%          7
p - Passage of Golubria   Tloc           66%        N/A       1%          4
s - Statue Form           Tmut/Erth      64%        N/A       1%          6
y - Yara's Violent Unrav  Hex/Tmut       32%        3d13      1%          5
I - Ignition              Fire           67%        3d18      1%          8
S - Shatter               Erth           54%        3d41*     4%          9

Your spell library contained the following spells:

 Spells                   Type           Power      Damage    Failure   Level
 Beastly Appendage        Tmut           100%       N/A       0%          1
 Foxfire                  Conj/Fire      100%       2x1d9     0%          1
 Magic Dart               Conj           100%       1d8       0%          1
 Necrotise                Necr           100%       1d9       0%          1
 Apportation              Tloc           100%       N/A       1%          1
 Slow                     Hex            100%       N/A       1%          1
 Summon Small Mammal      Summ           100%       N/A       1%          1
 Scorch                   Fire           100%       2d10      0%          2
 Searing Ray              Conj           100%       2d8       0%          2
 Conjure Flame            Conj/Fire      100%       6-21      0%          3
 Flame Wave               Conj/Fire      100%       2d21      0%          4
 Sticky Flame             Conj/Fire      100%       2d11      0%          4
 Borgnjor's Vile Clutch   Necr/Erth      50%        N/A       0%          5
 Fireball                 Conj/Fire      64%        3d24      0%          5
 Iskenderun's Battlesphe  Conj           99%        2d15      0%          5
 Lee's Rapid Deconstruct  Erth           54%        3d26*     0%          5
 Blink                    Tloc           100%       N/A       1%          2
 Call Imp                 Summ           33%        N/A       1%          2
 Ensorcelled Hibernation  Hex/Ice        100%       N/A       1%          2
 Poisonous Vapours        Pois/Air       72%        N/A       1%          2
 Static Discharge         Conj/Air       76%        3-13/arc  1%          2
 Dazzling Flash           Conj/Hex       100%       N/A       1%          3
 Gell's Gravitas          Tloc           66%        N/A       1%          3
 Ignite Poison            Fire/Tmut/Pois 100%       N/A       1%          3
 Inner Flame              Hex/Fire       100%       N/A       1%          3
 Lesser Beckoning         Tloc           66%        N/A       1%          3
 Mephitic Cloud           Conj/Pois/Air  65%        N/A       1%          3
 Ozocubu's Armour         Ice            100%       N/A       1%          3
 Portal Projectile        Hex/Tloc       100%       N/A       1%          3
 Spider Form              Tmut/Pois      64%        N/A       1%          3
 Teleport Other           Tloc           66%        N/A       1%          3
 Anguish                  Hex/Necr       35%        N/A       1%          4
 Animate Dead             Necr           92%        N/A       1%          4
 Corpse Rot               Necr/Pois/Air  62%        N/A       1%          4
 Dispel Undead            Necr           92%        3d29      1%          4
 Fulminant Prism          Conj/Hex       37%        3d18      1%          4
 Hailstorm                Conj/Ice       100%       3d20      1%          4
 Ice Form                 Ice/Tmut       100%       N/A       1%          4
 Iskenderun's Mystic Bla  Conj/Tloc      85%        2d17      1%          4
 Leda's Liquefaction      Hex/Erth       40%        N/A       1%          4
 Summon Ice Beast         Ice/Summ       100%       N/A       1%          4
 Agony                    Necr           92%        N/A       1%          5
 Blade Hands              Tmut           42%        N/A       1%          5
 Freezing Cloud           Conj/Ice/Air   61%        6-21      1%          5
 Lightning Bolt           Conj/Air       38%        1d56      1%          5
 Death Channel            Necr           46%        N/A       1%          6
 Simulacrum               Ice/Necr       67%        N/A       1%          6
 Starburst                Conj/Fire      64%        6d17      1%          6
 Orb of Destruction       Conj           49%        9d13      1%          7
 Lehudib's Crystal Spear  Conj/Erth      52%        10d12     1%          8
 Airstrike                Air            20%        2d(3-19)  2%          4
 Manifold Assault         Tloc           66%        N/A       2%          5
 Call Canine Familiar     Summ           33%        N/A       3%          3
 Confusing Touch          Hex            33%        N/A       3%          3
 Summon Guardian Golem    Hex/Summ       33%        N/A       3%          3
 Tukima's Dance           Hex            33%        N/A       3%          3
 Olgreb's Toxic Radiance  Pois           33%        N/A       3%          4
 Alistair's Intoxication  Tmut/Pois      42%        N/A       3%          5
 Metabolic Englaciation   Hex/Ice        52%        N/A       3%          5
 Eringya's Noxious Bog    Tmut/Pois      32%        N/A       4%          6
 Spellforged Servitor     Conj/Summ      37%        N/A       7%          7
 Dragon Form              Tmut           42%        N/A       8%          7
 Summon Forest            Summ/Tloc      26%        N/A       9%          5
 Summon Lightning Spire   Summ/Air       36%        N/A       10%         4
 Cause Fear               Hex            16%        N/A       12%         4
 Dispersal                Tloc           33%        N/A       12%         6
 Borgnjor's Revivificati  Necr           46%        N/A       16%         8
 Infestation              Necr           46%        N/A       16%         8
 Silence                  Hex/Air        18%        N/A       28%         5
 Summon Mana Viper        Hex/Summ       33%        N/A       34%         5
 Haunt                    Necr/Summ      35%        N/A       43%         7
 Storm Form               Tmut/Air       33%        N/A       58%         7
 Summon Cactus Giant      Summ           16%        N/A       88%         6
 Polar Vortex             Ice            64%        N/A       89%         9
 Malign Gateway           Summ/Tloc      26%        N/A       95%         7
 Enfeeble                 Hex            16%        N/A       100%        7
 Monstrous Menagerie      Summ           16%        N/A       100%        7
 Summon Hydra             Summ           16%        N/A       100%        7
 Discord                  Hex            16%        N/A       100%        8
 Maxwell's Capacitive Co  Air            20%        ∞         100%        8

Inventory:

Hand Weapons
 i - the +6 falchion "Wuon Fel" {vorpal, rPois Str+3 Stlth+}
   (You found it on level 10 of a ziggurat)

   It inflicts extra damage upon your enemies.
   Str:       It affects your strength (+3).
   rPois:     It protects you from poison.
   Stlth:     It makes you more stealthy.
 y - the +10 trident of the Hierophant (weapon) {spect, rF+}
   (You found it on level 5 of the Dungeon)

   When its wielder attacks, the weapon's spirit leaps out and strikes again.
   The spirit shares a part of any damage it takes with its wielder.
   rF:        It protects you from fire.
Missiles
 m - 4 curare-tipped darts {=f}
Armour
 r - a +3 buckler of reflection (worn)
   (You took it off a tengu reaver on level 4 of the Depths)
 E - the +1 hat of Minor Irritation (worn) {rPois rF+++ Regen+ Dex-5}
   (You acquired it on level 10 of the Dungeon)

   Dex:       It affects your dexterity (-5).
   rF:        It renders you almost immune to fire.
   rPois:     It protects you from poison.
   Regen:     It increases your rate of health regeneration.
Magical Staves
 e - a staff of fire {!a}
   (You found it on level 5 of the Dungeon)
Jewellery
 b - the ring of the Hare (on tentacle) {EV+8}
   (You bought it in a shop on level 2 of the Depths)

   [ring of evasion]

   EV:        It affects your evasion (+8).
 j - the ring "Bokusheq" (on tentacle) {rCorr Str+2 SInv}
   (You found it on level 3 of the Realm of Zot)

   [ring of see invisible]

   Str:       It affects your strength (+2).
   SInv:      It lets you see invisible.
   rCorr:     It protects you from acid and corrosion.
 q - the ring "Qouqoph" {Contam rC+ rN+ rCorr Stlth+}
   (You found it in a wizard's laboratory)

   [ring of resist corrosion]

   rC:        It protects you from cold.
   rN:        It protects you from negative energy.
   Contam:    It causes magical contamination when unequipped.
   rCorr:     It protects you from acid and corrosion.
   Stlth:     It makes you more stealthy.
 u - an amulet of reflection (around mantle)
   (You took it off an orc on level 4 of the Dungeon)
 v - a ring of ice (on tentacle)
   (You found it on level 10 of the Dungeon)
 C - a ring of ice (on tentacle)
   (You found it on level 8 of the Dungeon)
 D - the ring "Meroikhu" (on tentacle) {AC+4 Dex+4}
   (You found it on level 5 of the Pits of Slime)

   [ring of protection]

   AC:        It affects your AC (+4).
   Dex:       It affects your dexterity (+4).
 F - the ring "Mukirel" (left tentacle) {Fire Fly rElec rPois Stlth+}
   (You bought it in a shop on level 12 of the Dungeon)

   [ring of fire]

   It enhances your fire magic.
   rF:        It protects you from fire.
   rC:        It makes you vulnerable to cold.
   rElec:     It insulates you from electricity.
   rPois:     It protects you from poison.
   Fly:       It grants you flight.
   Stlth:     It makes you more stealthy.
 J - the ring of Xabrenol (on tentacle) {rC+ Str+6 Int+4}
   (You acquired it on level 4 of the Lair of Beasts)

   [ring of strength]

   Str:       It affects your strength (+6).
   Int:       It affects your intelligence (+4).
   rC:        It protects you from cold.
 L - the ring of Shadows {Umbra +Inv Stlth+}
   (You bought it in a shop on level 12 of the Dungeon)

   [ring of stealth]

   It surrounds you with an aura of shadow, increasing your stealth and reducing
   the accuracy of all others within it.
   +Inv:      It lets you turn invisible.
   Stlth:     It makes you more stealthy.
 O - a +4 ring of protection (right tentacle)
   (You found it on level 3 of the Dungeon)
 S - the ring "Gyafax" {rF+ EV+4 Str-5 Dex+6}
   (You bought it in a shop on level 12 of the Dungeon)

   [ring of evasion]

   EV:        It affects your evasion (+4).
   Str:       It affects your strength (-5).
   Dex:       It affects your dexterity (+6).
   rF:        It protects you from fire.
 U - the ring "Gydwokko" {Wiz rF+ rC+ rN++ Will-}
   (You took it off a deep elf high priest on level 3 of the Elven Halls)

   [ring of wizardry]

   It improves your spell success rate.
   rF:        It protects you from fire.
   rC:        It protects you from cold.
   rN:        It greatly protects you from negative energy.
   Will:      It decreases your willpower.
 Z - a ring of wizardry
   (You bought it in a shop on level 2 of the Orcish Mines)
Wands
 t - a wand of quicksilver (35)
   (You took it off Ijyb on level 4 of the Dungeon)
 T - a wand of digging (6)
   (You found it on level 3 of the Realm of Zot)
Scrolls
 k - 31 scrolls of teleportation {@r4}
 n - 10 scrolls of immolation {!r!r}
 o - 9 scrolls of fog
 x - 10 scrolls of magic mapping {!r}
 z - 2 scrolls of enchant weapon
 G - 2 scrolls of summoning
 P - 17 scrolls of vulnerability {!r!r}
 R - 12 scrolls of fear
 X - 11 scrolls of poison
Potions
 a - a potion of magic
 c - a potion of mutation {!q}
 d - 7 potions of brilliance
 f - 6 potions of haste {@q3}
 g - 5 potions of invisibility
 h - 10 potions of might
 l - 33 potions of curing {@q1}
 p - 11 potions of attraction {!q}
 s - 2 potions of resistance
 B - 5 potions of ambrosia
 Q - 12 potions of lignification {!q}
 Y - 4 potions of cancellation
Miscellaneous
 w - a box of beasts
   (You found it on level 2 of the Vaults)
 A - a condenser vane
   (You found it on level 2 of the Vaults)
 M - a lightning rod (4/4)
   (You found it on level 3 of the Lair of Beasts)
 N - a phantom mirror
   (You found it on level 3 of the Lair of Beasts)
 V - a phial of floods
   (You found it on level 12 of the Dungeon)

Dungeon Overview and Level Annotations

Branches:
Dungeon (15/15)            Temple (1/1) D:5            Lair (5/5) D:9
 Shoals (4/4) Lair:2       Spider (4/4) Lair:2        Slime (5/5) Lair:4
    Orc (2/2) D:10            Elf (3/3) Orc:2        Vaults (5/5) D:14
  Crypt (3/3) Vaults:3       Tomb (1/3) Crypt:3      Depths (4/4) D:15
    Zot (5/5) Depths:4      IceCv (visited)          WizLab (visited)

Altars:
Cheibriados
Elyvilon
Fedhas
Gozag
Hepliaklqana
Kikubaaqudgha
Makhleb
Nemelex Xobeh
Okawaru
Qazlal
Ru
Sif Muna
Trog
Uskayaw
Vehumet
Wu Jian
Xom
Yredelemnul
Zin
The Shining One
Jiyva

Shops:
D:2 [   D:10 ?   D:11 (   D:12 ==   D:13 [   Orc:2 :=[(   Elf:1 [:?:(
Shoals:3 *   Vaults:5 ((   Depths:1 ::   Depths:2 =:

Portals:
Hell: Depths:1 Depths:2 Depths:3 Depths:4
Abyss: Depths:3
Pandemonium: Depths:2

Annotations:
D:15 1 runed translucent door
Temple 2 transporters
Shoals:2 2 transporters, exclusion: orange crystal statue
Spider:4 Arachne
Slime:5 Royal Jelly

..#.#......###########.....#
.).........P~≈≈≈≈≈≈≈≈P.....#
..#.#.......P~≈≈≈≈≈~P......#
.............P≈~≈≈≈P......##
.####.........P~~≈P......##
.##............P~P....####
.##.###..................#
.....#####...............#
.......###......8........#
..>..#...................#
.........#............####
........#.......~P....##
....#...#......~~~P....#
##........#..P~~≈≈~P...##
#............~≈~≈≈≈≈P...######
..##.>..#.#.~≈≈≈≈≈≈~~P.......#
.........##.#.#.######.......#


There were no monsters in sight!


Message History

Casting: Iron Shot (safe; 1% risk of failure)
Confirm with . or Enter, or press ? or * to list all spells.
You feel a strong surge of power!
The heat is drained from your surroundings.
You kill the neqoxec!
Vehumet accepts your kill.
You feel your power returning. 😎 MP[-4]
You lost 4 mp, and now have 20/48 mp. 😎 MP[+1] 😎 MP[+1] 😎 MP[+1]
A Tzitzimitl comes into view. 😎 MP[+1]
There is a stone staircase leading up here. 😎 MP[+1]
The Tzitzimitl calls on the powers of darkness!
Your body is wracked with pain!
You fly upwards.
A demonic crawler comes into view.
There is a stone staircase leading down here. 😕 HP[-45] MP[+1]
You take 45 damage, and now have 172/217 hp.
MASSIVE DAMAGE!! (PAUSE)
A demonic crawler is nearby!
Unknown command. 😕 HP[+2]
You regained 2 hp, and now have 174/217 hp.
The demonic crawler shrieks in warning! 😕 HP[+1] MP[+1]
Aiming: Dig
Press: ? - help, Shift-Dir - straight line A rock wall.
This square is covered in magical glow.
You feel a surge of power!
The rock shatters into small pieces. 😕 HP[+2] MP[-3]
You regained 2 hp, and now have 177/217 hp.
You lost 3 mp, and now have 24/48 mp. 😕 HP[+2] MP[+1]
You regained 2 hp, and now have 179/217 hp. 😕 HP[+2]
You regained 2 hp, and now have 181/217 hp.
A ynoxinul comes into view. 😕 HP[+2] MP[+1]
You regained 2 hp, and now have 183/217 hp.
The ynoxinul attacks as you move away! The ynoxinul closely misses you.
The demonic crawler attacks as you move away!
You block the demonic crawler's attack.
The demonic crawler completely misses you.
The demonic crawler misses you.
The demonic crawler shrieks in warning! 😕 HP[+2]
You regained 2 hp, and now have 185/217 hp.
You block the demonic crawler's attack. x2
The demonic crawler completely misses you. 😕 HP[+2] MP[+1]
You regained 2 hp, and now have 187/217 hp.
Casting: Ozocubu's Refrigeration (mildly dangerous; 2% risk of failure)
Confirm with . or Enter, or press ? or * to list all spells.
The dungeon rumbles!
You kill the ynoxinul!
Vehumet accepts your kill.
The plant begins to die. x4
Ka-crash!
The demonic crawler hits you but does no damage.
The demonic crawler misses you. You block the demonic crawler's attack.
The demonic crawler hits you but does no damage.
The demonic crawler barely misses you.
The demonic crawler hits you but does no damage. 😕 HP[+2] MP[-9]
You regained 2 hp, and now have 189/217 hp.
You lost 9 mp, and now have 18/48 mp.
Casting: Shatter (dangerous; 4% risk of failure)
Confirm with . or Enter, or press ? or * to list all spells.
The dungeon rumbles!
You kill the demonic crawler!
Vehumet accepts your kill.
You feel your power returning.
The plant begins to die. x2
Ka-crash! 😕 HP[+2] MP[-5]
You regained 2 hp, and now have 191/217 hp.
You lost 5 mp, and now have 13/48 mp.
A nearby plant withers and dies. x4 😕 HP[+1] MP[+1] 😕 HP[+2]
You regained 2 hp, and now have 194/217 hp.
A nearby plant withers and dies. x2 😕 HP[+2] MP[+1]
You regained 2 hp, and now have 196/217 hp. 😕 HP[+2]
You regained 2 hp, and now have 198/217 hp. 😕 HP[+2] MP[+1]
You regained 2 hp, and now have 200/217 hp. 😕 HP[+2]
You regained 2 hp, and now have 202/217 hp.
There is a staircase leading out of the dungeon here. 😕 HP[+2] MP[+1]
You regained 2 hp, and now have 204/217 hp.
You can't go down here!
You have escaped!

Skill      XL: |  1  2  3  4  5  6  7  8  9 10 11 12 13 14 15 16 17 18 19 20 21 22 23 24 25 26 27 |
---------------+----------------------------------------------------------------------------------+-----
Conjurations   | 2 3 4 5 6 8 9 10 14 16 18 | 18.0
Spellcasting   | 3 4 5 6 8 9 11 12 13 14 16 18 19 21 | 21.0
Fire Magic     | 4 5 7 8 9 13 14 16 18 20 23 | 23.0
Fighting       | 1 3 5 6 8 10 12 15 | 15.0
Stealth        | 3 4 5 10 | 10.0
Dodging        | 4 5 6 8 9 11 13 14 | 14.0
Shields        | 4 5 |  5.0
Evocations     | 5 9 10 11 | 11.7
Ice Magic      | 7 11 12 | 12.0
Translocations | 5 6 |  6.6
Air Magic      | 1 |  1.0
Transmutations | 1 8 11 12 | 12.0
Earth Magic    | 1 8 11 12 14 15 17 19 21 22 | 22.0
Necromancy     | 15 | 15.2

Action                   |  1- 3 |  4- 6 |  7- 9 | 10-12 | 13-15 | 16-18 | 19-21 | 22-24 | 25-27 || total
-------------------------+-------+-------+-------+-------+-------+-------+-------+-------+-------++-------
Melee: Dagger            |    17 |    21 |     8 |       |       |       |       |       |       ||    46
       Constrict         |     5 |     4 |     6 |     8 |    27 |    97 |    64 |    80 |   101 ||   392
       Tentacles         |     4 |     4 |     7 |    17 |    56 |   158 |   149 |   175 |   294 ||   864
       Trident           |       |       |    41 |    73 |   234 |   591 |   509 |   567 |   945 ||  2960
       Punch             |       |       |     1 |     2 |     2 |    11 |     8 |    12 |    25 ||    61
Throw: Dart              |       |       |       |     1 |       |       |       |       |       ||     1
       Boomerang         |       |       |       |     1 |       |       |       |       |       ||     1
 Cast: Foxfire           |    74 |    57 |   103 |   387 |   565 |    69 |     2 |       |       ||  1257
       Scorch            |     2 |    15 |    54 |   103 |    93 |    22 |       |       |       ||   289
       Flame Wave        |       |       |       |    13 |    33 |       |       |       |       ||    46
       Ozocubu's Armour  |       |       |       |       |    45 |       |       |       |       ||    45
       Hailstorm         |       |       |       |       |     4 |       |       |       |       ||     4
       Iskenderun's Batt |       |       |       |       |    25 |     9 |     1 |       |       ||    35
       Lightning Bolt    |       |       |       |       |     7 |    11 |       |       |       ||    18
       Ozocubu's Refrige |       |       |       |       |       |   200 |   134 |   175 |   136 ||   645
       Fireball          |       |       |       |       |       |    62 |    16 |     3 |    21 ||   102
       Lee's Rapid Decon |       |       |       |       |       |     3 |    57 |    49 |    42 ||   151
       Statue Form       |       |       |       |       |       |    46 |    88 |   125 |   164 ||   423
       Ignition          |       |       |       |       |       |       |    65 |   101 |   205 ||   371
       Shatter           |       |       |       |       |       |       |       |     4 |    83 ||    87
       Yara's Violent Un |       |       |       |       |       |       |       |     8 |     1 ||     9
       Iron Shot         |       |       |       |       |       |       |       |       |   201 ||   201
       Fire Storm        |       |       |       |       |       |       |       |       |    11 ||    11
       Necromutation     |       |       |       |       |       |       |       |       |    18 ||    18
       Irradiate         |       |       |       |       |       |       |       |       |    18 ||    18
       Passage of Golubr |       |       |       |       |       |       |       |       |     1 ||     1
 Abil: Evoke Invisibilit |       |       |       |       |       |       |     1 |       |       ||     1
Evoke: Wand              |       |       |     3 |    10 |    13 |     5 |     2 |       |     2 ||    35
       Tin of tremorston |       |       |       |     1 |     1 |     2 |       |     1 |       ||     5
       Phantom mirror    |       |       |       |       |       |     2 |     1 |       |     1 ||     4
       Phial of floods   |       |       |       |       |       |     1 |       |       |       ||     1
       Box of beasts     |       |       |       |       |       |       |     1 |       |     3 ||     4
       Condenser vane    |       |       |       |       |       |       |       |       |     2 ||     2
  Use: Scroll            |     3 |       |     3 |    14 |     8 |     8 |     7 |     9 |    23 ||    75
       Potion            |       |       |       |     3 |    10 |     6 |     3 |     8 |    35 ||    65
 Stab: Sleeping          |       |       |     4 |     1 |     1 |    11 |     2 |    30 |    11 ||    60
       Distracted        |       |       |       |     2 |     3 |    12 |    10 |    11 |    15 ||    53
Armor: Skin              |     1 |    16 |    10 |    12 |    92 |   482 |   647 |   504 |   646 ||  2410
Dodge: Dodged            |    14 |    20 |    32 |    36 |   197 |   516 |   683 |   614 |  1327 ||  3439
Block: Other             |       |       |     4 |     2 |       |       |       |       |       ||     6
       Buckler           |       |       |       |    36 |   169 |   409 |   434 |   464 |   867 ||  2379
       Reflection        |       |       |       |     5 |     7 |    17 |    21 |    15 |    26 ||    91

Levels and vault maps discovered:
D:1:      eino_arrival_druids_welcome, layout_rooms
D:2:      layout_rooms, serial_shops, shop, chequers_ecumenical_altar_simple
D:3:      layout_basic, grunt_temple_overflow_open, serial_bayou_pond_d
D:4:      layout_basic, mainiacjoe_overflow_concentric_impassable, uniq_ijyb
D:5:      layout_loops_ring, overflow_temple_1_default, lemuel_temple_firewalk_b
D:6:      layout_basic, kb_xom_exploding_sheep,
          mainiacjoe_overflow_surrounded_room, minmay_misc_feat_ornament,
          uniq_edmund, uniq_duvessa, uniq_prince_ribbit1
D:7:      layout_rooms, uniq_pikel, uniq_crazy_yiuf_cottage, uniq_menkaure
D:8:      layout_layer_cave, kennysheep_generic_room_8, uniq_maurice
D:9:      layout_rooms, grunt_temple_overflow_order_and_chaos_2,
          erik_lair_dragon
D:10:     kennysheep_spiral_hall, layout_cave_pools, david_orc_5, serial_shops,
          kennysheep_mini, uniq_lodul, uniq_harold, uniq_erica
D:11:     layout_rooms, special_room [special_room_orc], serial_shops,
          nicolae_shop_bloodbath_and_beyond
D:12:     minmay_tearing_corner, layout_cave_pools, serial_shops,
          nicolae_shop_statue_plus, shop, minmay_misc_feat_pillars, uniq_snorg,
          uniq_azrael
D:13:     layout_roguey, serial_shops, nicolae_shop_advertising_works
          [nicolae_subvault_shop_adworks], serial_bayou_pond_c,
          serial_bayou_lagoon_a
D:14:     layout_rooms, skrybe_vaults_entry_preservation,
          okawaru_metal_pillars_1_2, serial_aquarium, aquarium_bridge_straight
          [aquarium_subvault_bridge, aquarium_subvault_wall,
          aquarium_subvault_bridge, aquarium_subvault_wall], aquarium_window_1,
          aquarium_window_1, aquarium_window_2, aquarium_window_corridor_1,
          aquarium_view_2f, minmay_more_statues, uniq_frances, uniq_josephine
D:15:     grunt_enter_depths_hoard, layout_basic, chequers_serial_rivers_room_b,
          chequers_serial_rivers_marsh, chequers_serial_rivers_micro_a,
          kennysheep_treasure_room, uniq_louise, uniq_roxanne, uniq_kirke
Temple:   hellmonk_temple_divided_pantheon
Lair:1:   layout_regular_city, grunt_megastairs_4
Lair:2:   layout_regular_city, elwin_shoals_entry_rocks,
          nicolae_spider_entry_non_spiders, grunt_megastairs_2
Lair:3:   layout_cave_pods, minmay_lindwurm_lava
Lair:4:   layout_gridlike, slime_entry_1
Lair:5:   guppyfry_lair_end_dragon, layout_gridlike, hangedman_lair_in_review,
          serial_rivers, chequers_serial_rivers_micro_b,
          chequers_serial_rivers_micro_e, chequers_serial_rivers_large_a,
          chequers_serial_rivers_micro_e, st_stairs_6
Shoals:1: layout_shoals
Shoals:2: gammafunk_sealed_arena, layout_shoals, centaur_isle, uniq_donald
Shoals:3: layout_shoals, nicolae_stop_n_shop_1,
          nicolae_shoals_hidden_pirate_stash, uniq_bai_suzhen
Shoals:4: shoals_end_grunt_ice, layout_shoals, shoals_ilsuiw_ice
Spider:1: layout_spider_delve, nicolae_spider_checkerboard
Spider:2: layout_spider_delve, uniq_aizul
Spider:3: layout_spider_delve, nicolae_spider_webbed_stairs
Spider:4: spider_rune_water, uniq_arachne
Slime:1:  layout_caves
Slime:2:  cheibrodos_slime_lost_civilization_2, layout_caves, uniq_dissolution
Slime:3:  layout_caves
Slime:4:  layout_caves
Slime:5
Orc:1:    nicolae_orc_accident_2, layout_caves, serial_shops,
          david_defended_altar_orc
Orc:2:    st_orc_ogre_mass, layout_caves, portal_ice_cave_demonic_guard,
          uniq_urug
Elf:1:    layout_geoelf_diagonals, serial_shops, nicolae_shop_statue_plus,
          shop_fountains, nicolae_diamond_shop, shop, shop,
          ebering_ghost_inner_flame, kennysheep_underground_church
Elf:2:    nicolae_elf_blades_crystal_corner, layout_loops_corners
Elf:3:    minmay_elf_hall_hex, layout_loops_corners,
          nicolae_elf_double_double_double_trouble
Vaults:1: v_misc_17, hangedman_vaults_slither, ontoclasm_vaults_misaligned,
          v_misc_29, v_misc_1, grunt_vaults_hallway_short,
          layout_vaults_omnigrid
Vaults:2: v_alt_pattern_6, st_greater_box_5, v_misc_10,
          hangedman_vaults_stitches, dpeg_vaults_monster_box, v_misc_11,
          layout_vaults_chaotic_city, uniq_mara
Vaults:3: minmay_crypt_entry_nasty_monster, ontoclasm_vaults_ring_large,
          nicolae_vaults_three_branches, nicolae_vaults_angled_halls, v_misc_27,
          vaults_room_fancy_cross, nicolae_vaults_rhombus_5,
          vaults_mumra_minichess, hangedman_vaults_snaps, hangedman_vaults_maws,
          vaults_dpeg_emergency_exit, vaults_room_pools, v_alt_pattern_3,
          ontoclasm_vaults_tryst, ontoclasm_vaults_gateway, v_misc_5,
          layout_vaults_omnibox
Vaults:4: vaults_mumra_minichess_inversion, v_rooms_1,
          ontoclasm_vaults_ring_large, hangedman_vaults_corner,
          nicolae_vaults_little_squares_2, v_rooms_3,
          nicolae_vaults_little_squares_5, hangedman_vaults_slice, v_misc_29,
          layout_vaults_maze_bifur, uniq_frederick
Vaults:5
Crypt:1:  layout_regular_city, grunt_crypt_arrival_split
Crypt:2:  layout_gridlike, mu_enter_wizlab_2, grunt_megastairs_3
Crypt:3:  evilmike_haunted_forest
Tomb:1
Depths:1: layout_basic, hellmouth_3, chequers_serial_rivers_room_a,
          elyvilon_altar_5, minmay_shoptagon
Depths:2: minmay_shrinking_squares, layout_gridville, enter_ziggurat_b,
          rand_demon_pan_entry_4, nicolae_uskayaw_en_pointe, hell_entry,
          infiniplex_staircase_pool_2, minmay_shop_grove
Depths:3: cheibrodos_lost_city_excavation, layout_basic, minmay_room_of_horrors,
          hell_entry, chequers_serial_rivers_small_a
Depths:4: grunt_zot_entry_bicorn, layout_cave_shapes, grunt_mini_vestibule
Zot:1:    layout_basic
Zot:2:    layout_misc_corridors, st_stairs_14, st_single_dragon_hoard_3,
          grunt_megastairs_1, uniq_tiamat, uniq_parghit
Zot:3:    layout_misc_corridors, st_single_dragon_hoard_2
Zot:4:    layout_basic
Zot:5:    layout_misc_corridors

Notes
Turn   | Place    | Note
-------+----------+-------------------------------------------
     0 | D:1      | spiderkeys the Octopode Fire Elementalist began the quest
                  | for the Orb.
     0 | D:1      | Reached XP level 1. HP: 11/11 MP: 3/3
     0 | D:1      | magus.rc [v1.11.3]
   261 | D:1      | Reached XP level 2. HP: 17/17 MP: 0/5
   319 | D:1      | You fall into a shaft and drop 1 floor!
   505 | D:1      | Learned a level 2 spell: Scorch
   886 | D:1      | You pick up a book of Weapons and begin reading...
   886 | D:1      | You add the spells Tukima's Dance, Portal Projectile and
                  | Blade Hands to your library.
   931 | D:1      | Reached XP level 3. HP: 8/21 MP: 1/6
  1340 | D:2      | Reached skill level 2 in Conjurations
  1428 | D:2      | Found Yloubiuk's Antique Armour Shop.
  1574 | D:2      | Found a faded altar of an unknown god.
  1983 | D:3      | Reached XP level 4. HP: 27/27 MP: 0/8
  2331 | D:3      | Found a hide-covered altar of Uskayaw.
  2333 | D:3      | Found an iron altar of Okawaru.
  2336 | D:3      | Found a blossoming altar of Fedhas.
  2607 | D:4      | Noticed Ijyb
  2608 | D:4      | Reached skill level 3 in Spellcasting
  2660 | D:4      | Killed Ijyb
  2661 | D:4      | Reached skill level 4 in Fire Magic
  2661 | D:4      | Reached XP level 5. HP: 10/31 MP: 0/9
  2879 | D:4      | Noticed an ogre
  3093 | D:4      | Noticed a centaur
  3106 | D:4      | Killed a centaur
  3107 | D:4      | Reached skill level 3 in Conjurations
  3340 | D:4      | Reached XP level 6. HP: 36/36 MP: 5/11
  3596 | D:4      | Reached skill level 4 in Spellcasting
  3710 | D:4      | Found a basalt altar of Yredelemnul.
  3774 | D:4      | Reached skill level 4 in Conjurations
  3774 | D:4      | Reached skill level 5 in Fire Magic
  3779 | D:4      | Reached XP level 7. HP: 41/41 MP: 4/13
  4002 | D:5      | Entered Level 5 of the Dungeon
  4084 | D:5      | HP: 8/41 [orc wizard/magic dart (5)]
  4859 | D:5      | Identified the +10 trident of the Hierophant {spect, rF+}
  4877 | D:5      | Found a glowing golden altar of the Shining One.
  5147 | D:5      | Reached skill level 5 in Conjurations
  5149 | D:5      | Reached skill level 5 in Spellcasting
  5149 | D:5      | Reached XP level 8. HP: 18/46 MP: 8/15
  5656 | D:5      | Found a staircase to the Ecumenical Temple.
  5665 | Temple   | Entered the Ecumenical Temple
  5665 | Temple   | Found a transporter.
  5665 | Temple   | Found a transporter.
  5667 | Temple   | Found a transporter.
  5667 | Temple   | Found a transporter.
  5684 | Temple   | Became a worshipper of Vehumet
  5758 | D:6      | Noticed Duvessa
  5758 | D:6      | Noticed Dowan
  5764 | D:6      | Killed Duvessa
  5765 | D:6      | Reached skill level 6 in Fire Magic
  5773 | D:6      | Killed Dowan
  6395 | D:6      | HP: 6/46 [centaur/arrow (7)]
  6680 | D:6      | Noticed Edmund
  6686 | D:6      | Killed Edmund
  6687 | D:6      | Reached skill level 6 in Conjurations
  6877 | D:6      | Noticed Prince Ribbit
  6880 | D:6      | Killed Prince Ribbit
  6881 | D:6      | Reached skill level 6 in Spellcasting
  6881 | D:6      | Reached skill level 7 in Fire Magic
  6881 | D:6      | Reached XP level 9. HP: 28/51 MP: 10/18
  7044 | D:6      | Found a shimmering altar of Xom.
  7190 | D:6      | Identified the +2 pair of gloves of the Harvest Moon {rC++
                  | Will- Str+4}
  7243 | D:6      | Found an opulent altar of Gozag.
  7692 | D:7      | magus.rc [v1.11.3]
  7754 | D:7      | Reached skill level 7 in Conjurations
  7948 | D:7      | Reached * piety under Vehumet
  7948 | D:7      | Offered knowledge of Sandblast by Vehumet.
  8071 | D:7      | Noticed Menkaure
  8077 | D:7      | Killed Menkaure
  8078 | D:7      | Reached skill level 7 in Spellcasting
  8078 | D:7      | Reached skill level 8 in Fire Magic
  8125 | D:7      | Found a runed translucent door.
  8126 | D:7      | Noticed Crazy Yiuf
  8188 | D:7      | Noticed Pikel
  8197 | D:7      | Killed Pikel
  8198 | D:7      | Reached skill level 8 in Conjurations
  8328 | D:7      | You add the spells Ozocubu's Armour and Ozocubu's
                  | Refrigeration to your library.
  8399 | D:7      | Learned a level 4 spell: Flame Wave
  8691 | D:7      | Killed Crazy Yiuf
  8692 | D:7      | Reached skill level 8 in Spellcasting
  8789 | D:8      | Reached skill level 1 in Fighting
  8789 | D:8      | Reached skill level 3 in Stealth
  8789 | D:8      | Reached XP level 10. HP: 58/58 MP: 15/22
  8922 | D:8      | Reached skill level 2 in Fighting
  8922 | D:8      | Reached skill level 3 in Dodging
  9315 | D:8      | Noticed Maurice
  9322 | D:8      | Killed Maurice
  9338 | D:8      | Reached skill level 4 in Stealth
  9697 | D:8      | Reached skill level 3 in Fighting
  9704 | D:8      | Reached ** piety under Vehumet
  9704 | D:8      | Offered knowledge of Static Discharge by Vehumet.
 10163 | D:9      | Reached skill level 4 in Dodging
 10350 | D:9      | Reached skill level 1 in Shields
 10353 | D:9      | Reached skill level 2 in Shields
 10356 | D:9      | Reached skill level 9 in Fire Magic
 10482 | D:9      | Found a glowing silver altar of Zin.
 10482 | D:9      | Found a burning altar of Makhleb.
 10482 | D:9      | Noticed a green death
 10482 | D:9      | Noticed an angel
 10487 | D:9      | Reached skill level 3 in Shields
 10489 | D:9      | Reached skill level 4 in Shields
 10489 | D:9      | Reached XP level 11. HP: 34/67 MP: 17/23
 10889 | D:9      | Reached skill level 5 in Shields
 10895 | D:9      | Offered knowledge of Ignite Poison by Vehumet.
 10901 | D:9      | Reached skill level 10 in Fire Magic
 10907 | D:9      | Learned a level 3 spell: Ignite Poison
 11112 | D:9      | Identified the +1 mace "Kuehinan" {vorpal, rPois}
 11546 | D:9      | Found a staircase to the Lair.
 12132 | D:10     | Entered Level 10 of the Dungeon
 12156 | D:10     | Noticed Lodul
 12183 | D:10     | Reached *** piety under Vehumet
 12193 | D:10     | Reached skill level 11 in Fire Magic
 12387 | D:10     | Found Irux's Magic Scroll Boutique.
 12541 | D:10     | HP: 6/67 [Lodul/bolt of lightning (28)]
 12549 | D:10     | Offered knowledge of Frozen Ramparts by Vehumet.
 12554 | D:10     | Killed Lodul
 12726 | D:10     | Noticed Harold
 12735 | D:10     | Killed Harold
 12736 | D:10     | Reached skill level 12 in Fire Magic
 12940 | D:10     | Reached **** piety under Vehumet
 12942 | D:10     | Noticed a skeletal warrior
 12943 | D:10     | Noticed a two-headed ogre
 12946 | D:10     | Noticed a skeletal warrior
 12951 | D:10     | Noticed an orc knight
 12952 | D:10     | Noticed a skeletal warrior
 12953 | D:10     | Noticed a skeletal warrior
 12954 | D:10     | Noticed a skeletal warrior
 13128 | Lair:1   | Entered Level 1 of the Lair of Beasts
 13349 | Lair:1   | Noticed a six-headed hydra
 13351 | Lair:1   | Reached skill level 13 in Fire Magic
 13357 | Lair:1   | Killed a six-headed hydra
 13357 | Lair:1   | Offered knowledge of Hailstorm by Vehumet.
 13358 | Lair:1   | Reached XP level 12. HP: 72/72 MP: 18/24
 13363 | Lair:1   | Learned a level 4 spell: Hailstorm
 13511 | Lair:1   | You fall into a shaft and drop 1 floor!
 14338 | Lair:1   | Reached skill level 5 in Stealth
 14447 | Lair:1   | Reached skill level 4 in Fighting
 14822 | Lair:2   | Reached skill level 1 in Evocations
 14827 | Lair:2   | Reached skill level 14 in Fire Magic
 15034 | Lair:2   | Reached skill level 2 in Evocations
 15161 | Lair:2   | Reached skill level 5 in Dodging
 15410 | Lair:2   | Found a staircase to the Shoals.
 15470 | Lair:2   | Reached skill level 3 in Evocations
 15629 | Lair:2   | Found a hole to the Spider Nest.
 16309 | Lair:3   | Reached skill level 4 in Evocations
 16384 | Lair:3   | Noticed a four-headed hydra
 16390 | Lair:3   | Killed a four-headed hydra
 16391 | Lair:3   | Reached skill level 5 in Fighting
 16449 | Lair:3   | Noticed a catoblepas
 16470 | Lair:3   | Killed a catoblepas
 16653 | Lair:3   | Reached skill level 5 in Evocations
 16657 | Lair:3   | Reached skill level 9 in Conjurations
 17157 | Lair:3   | Found the +9 scales of the Dragon King {rPois rF+ rC+
                  | Will+}
 17190 | Lair:3   | Reached XP level 13. HP: 59/82 MP: 25/25
 17320 | Lair:3   | Reached skill level 6 in Dodging
 17481 | Lair:3   | Identified a potion of experience
 17481 | Lair:3   | Reached skill level 7 in Ice Magic
 17481 | Lair:3   | Reached XP level 14. HP: 88/88 MP: 26/26
 17486 | Lair:3   | Learned a level 3 spell: Ozocubu's Armour
 17497 | Lair:3   | Identified the +4 war axe "Transmigrator" {flame, +Blink
                  | rPois Dex+4}
 17671 | D:10     | Bought a scroll of acquirement for 884 gold pieces
 17671 | D:10     | Acquired the +1 hat of Minor Irritation {rPois rF+++ Regen+
                  | Dex-5}
 17860 | Lair:2   | Reached skill level 6 in Evocations
 17912 | Lair:4   | Reached ***** piety under Vehumet
 17915 | Lair:4   | Offered knowledge of Fulminant Prism by Vehumet.
 17919 | Lair:4   | Reached skill level 6 in Fighting
 17966 | Lair:4   | Found a staircase to the Slime Pits.
 18061 | Lair:4   | Reached skill level 7 in Evocations
 18321 | Lair:4   | Acquired the ring of Xabrenol {rC+ Str+6 Int+4}
 18821 | Lair:5   | Entered Level 5 of the Lair of Beasts
 18976 | Lair:5   | Reached skill level 7 in Dodging
 18993 | Lair:5   | Reached skill level 8 in Evocations
 19015 | Lair:5   | You add the spells Passage of Golubria and Yara's Violent
                  | Unravelling to your library.
 19021 | Lair:5   | Learned a level 4 spell: Passage of Golubria
 19134 | Lair:5   | Reached skill level 1 in Translocations
 19330 | Lair:5   | Reached skill level 2 in Translocations
 19468 | Lair:5   | Reached skill level 10 in Conjurations
 19730 | Lair:5   | Reached skill level 3 in Translocations
 20003 | Lair:5   | Reached skill level 4 in Translocations
 20003 | Lair:5   | HP: 21/90 [cane toad (8)]
 20423 | Lair:5   | Offered knowledge of Lightning Bolt by Vehumet.
 20426 | Lair:5   | Reached skill level 8 in Dodging
 20426 | Lair:5   | Reached skill level 5 in Translocations
 20426 | Lair:5   | Reached skill level 9 in Evocations
 20809 | Lair:5   | Reached XP level 15. HP: 28/96 MP: 15/27
 20905 | Lair:5   | Reached skill level 6 in Translocations
 21010 | Lair:5   | Learned a level 5 spell: Lightning Bolt
 21078 | Lair:5   | You pick up a book of Scorching and begin reading...
 21416 | D:10     | Noticed Erica
 21422 | D:10     | Killed Erica
 21488 | D:10     | Reached skill level 1 in Air Magic
 21688 | D:10     | HP: 13/96 [skeletal warrior/+0 war axe (13)]
 22194 | D:10     | Found a staircase to the Orcish Mines.
 22203 | Orc:1    | Entered Level 1 of the Orcish Mines
 22398 | Orc:1    | Reached skill level 10 in Evocations
 22812 | Orc:1    | Reached skill level 8 in Ice Magic
 23001 | Orc:2    | Entered Level 2 of the Orcish Mines
 23023 | Orc:2    | Offered knowledge of Iskenderun's Battlesphere by Vehumet.
 23052 | Orc:2    | Found a staircase to the Elven Halls.
 23122 | Orc:2    | Found a frozen archway.
 23141 | IceCv    | Entered an ice cave
 23156 | IceCv    | Found a transporter.
 23165 | IceCv    | Found a transporter.
 23177 | IceCv    | Learned a level 5 spell: Iskenderun's Battlesphere
 23214 | IceCv    | HP: 21/96 [ice statue/shard of ice (16)]
 23289 | IceCv    | You pick up a book of Displacement and begin reading...
 23289 | IceCv    | You add the spells Lesser Beckoning, Gell's Gravitas and
                  | Teleport Other to your library.
 23345 | Orc:2    | Reached skill level 9 in Ice Magic
 23552 | Orc:2    | Reached skill level 9 in Spellcasting
 23648 | Orc:2    | Paralysed by an ogre mage for 2 turns
 23835 | Orc:2    | Reached skill level 10 in Ice Magic
 23947 | Orc:2    | Noticed Urug
 23956 | Orc:2    | Killed Urug
 24521 | Orc:2    | Found Fuarac's Armour Shoppe.
 24521 | Orc:2    | Found Pugest's Antique Weapon Boutique.
 24522 | Orc:2    | Found Gieplej's Book Shop.
 24522 | Orc:2    | Found Bumedit's Jewellery Shoppe.
 25312 | Orc:2    | Bought a ring of wizardry for 360 gold pieces
 25353 | Orc:2    | Upgraded the game from 0.29-a0-1065-g47a6bb87d6 to
                  | 0.30-a0-4-ga7cffc901d
 25353 | Orc:2    | magus.rc [v1.11.3]
 25387 | Orc:2    | Bought a ring of flight for 210 gold pieces
 25768 | D:11     | Offered knowledge of Fireball by Vehumet.
 25775 | D:11     | Learned a level 5 spell: Fireball
 25848 | D:11     | You pick up a book of Death and begin reading...
 25848 | D:11     | You add the spells Animate Dead, Haunt and Infestation to
                  | your library.
 25859 | D:11     | You pick up a book of the Hunter and begin reading...
 25859 | D:11     | You add the spells Call Canine Familiar and Leda's
                  | Liquefaction to your library.
 25955 | D:11     | Reached skill level 11 in Ice Magic
 26029 | D:11     | Found Ashaif's Weapon Boutique.
 26317 | D:12     | Found Babail's Jewellery Boutique.
 26380 | D:12     | Reached XP level 16. HP: 77/101 MP: 16/29
 26449 | D:12     | Noticed Azrael
 26525 | D:11     | Learned a level 7 spell: Ozocubu's Refrigeration
 26529 | D:12     | Killed Azrael
 26535 | D:12     | Reached skill level 10 in Spellcasting
 26653 | D:12     | Found Qexkyime's Jewellery Boutique.
 26666 | D:12     | HP: 22/101 [war gargoyle/+0 morningstar (16)]
 26963 | D:12     | Reached skill level 12 in Ice Magic
 27251 | D:12     | Bought the ring of Shadows {Umbra +Inv Stlth+} for 400 gold
                  | pieces
 27251 | D:12     | Bought the ring "Mukirel" {Fire Fly rElec rPois Stlth+} for
                  | 481 gold pieces
 27251 | D:12     | Found the ring of Shadows {Umbra +Inv Stlth+}
 27612 | D:12     | HP: 12/101 [yaktaur captain/+2 falchion of holy wrath (29)]
 27703 | D:12     | Identified the +2 short sword of the Feather {freeze,
                  | Will++ Str+3}
 27711 | D:12     | Reached skill level 6 in Stealth
 27768 | D:12     | Noticed Snorg
 27791 | D:12     | Killed Snorg
 28061 | D:12     | Noticed a sphinx
 28073 | D:12     | Paralysed by a sphinx for 2 turns
 28178 | D:11     | Gained mutation: You occasionally lose the ability to drink
                  | potions when taking damage. [potion of mutation]
 28178 | D:11     | Lost mutation: You occasionally lose the ability to drink
                  | potions when taking damage. [potion of mutation]
 28178 | D:11     | Gained mutation: Your spells are a little harder to cast,
                  | but a little more powerful. [potion of mutation]
 28179 | D:11     | Lost mutation: Your spells are a little harder to cast, but
                  | a little more powerful. [potion of mutation]
 28179 | D:11     | Gained mutation: You are partially covered in iridescent
                  | scales. (AC +2) [potion of mutation]
 28179 | D:11     | Gained mutation: Your magical capacity is low. (-10% MP)
                  | [potion of mutation]
 28179 | D:11     | Gained mutation: Your muscles are strong. (Str +4, Int/Dex
                  | -1) [potion of mutation]
 28180 | D:11     | Lost mutation: You are partially covered in iridescent
                  | scales. (AC +2) [potion of mutation]
 28180 | D:11     | Lost mutation: Your muscles are strong. (Str +4, Int/Dex
                  | -1) [potion of mutation]
 28180 | D:11     | Gained mutation: Your flesh is heat resistant. (rF+)
                  | [potion of mutation]
 28180 | D:11     | Gained mutation: You are robust. (+10% HP) [potion of
                  | mutation]
 28180 | D:11     | Gained mutation: Your flesh is cold resistant. (rC+)
                  | [potion of mutation]
 28409 | D:12     | Reached skill level 7 in Stealth
 28478 | D:12     | Noticed a storm dragon
 28488 | D:12     | Killed a storm dragon
 28779 | D:13     | Found Idduefax's Antique Armour Emporium.
 29318 | D:13     | You pick up a book of the Hunter and begin reading...
 29395 | D:14     | Found an iron altar of Okawaru.
 29397 | D:14     | Identified the +7 dagger "Dionei" {speed, Dex+4}
 29585 | D:14     | Noticed Josephine
 29587 | D:14     | Reached skill level 11 in Spellcasting
 29587 | D:14     | Offered knowledge of Spellforged Servitor by Vehumet.
 29590 | D:14     | Killed Josephine
 29744 | D:14     | Reached skill level 8 in Stealth
 29791 | D:14     | Reached skill level 11 in Evocations
 29900 | D:13     | Upgraded the game from 0.30-a0-4-ga7cffc901d to
                  | 0.30-a0-6-g7c9e10e132
 29900 | D:13     | magus.rc [v1.11.3]
 30056 | D:14     | Found a gate to the Vaults.
 30065 | D:14     | You pick up a book of Beasts and begin reading...
 30065 | D:14     | You add the spells Summon Ice Beast, Summon Mana Viper and
                  | Monstrous Menagerie to your library.
 30643 | D:14     | Noticed Frances
 31170 | D:14     | Killed Frances
 31300 | D:15     | Entered Level 15 of the Dungeon
 31328 | D:15     | Reached skill level 9 in Stealth
 31331 | D:15     | Noticed Louise
 31435 | D:15     | Noticed Kirke
 31884 | D:15     | Killed Louise
 32032 | D:15     | Noticed Roxanne
 32075 | D:15     | Killed Roxanne
 32078 | D:15     | Reached skill level 10 in Stealth
 32098 | D:15     | You pick up a book of the Earth and begin reading...
 32098 | D:15     | You add the spells Lee's Rapid Deconstruction and Statue
                  | Form to your library.
 32210 | D:15     | Learned a level 5 spell: Lee's Rapid Deconstruction
 32232 | D:15     | Found a runed translucent door.
 32234 | D:15     | Noticed a tengu reaver
 32424 | D:15     | Reached skill level 1 in Transmutations
 32424 | D:15     | Reached skill level 1 in Earth Magic
 32424 | D:15     | Reached XP level 17. HP: 117/117 MP: 14/29
 32534 | D:15     | Found a staircase to the Depths.
 32750 | D:15     | Killed Kirke
 32927 | D:12     | Killed a sphinx
 32928 | D:12     | Reached skill level 2 in Transmutations
 32928 | D:12     | Reached skill level 2 in Earth Magic
 33148 | Shoals:1 | Entered Level 1 of the Shoals
 33190 | Shoals:1 | Reached skill level 3 in Transmutations
 33190 | Shoals:1 | Reached skill level 3 in Earth Magic
 33557 | Shoals:1 | Offered knowledge of Conjure Ball Lightning by Vehumet.
 34028 | Shoals:1 | Reached skill level 4 in Transmutations
 34028 | Shoals:1 | Reached skill level 4 in Earth Magic
 34117 | Shoals:1 | Reached skill level 12 in Spellcasting
 34135 | Shoals:1 | You are sucked into a shaft and drop 1 floor!
 34306 | Shoals:1 | Reached skill level 5 in Earth Magic
 34439 | Shoals:1 | Reached skill level 5 in Transmutations
 35058 | Shoals:2 | Noticed Donald
 35061 | Shoals:2 | Killed Donald
 35062 | Shoals:2 | Reached skill level 6 in Earth Magic
 35134 | Shoals:2 | Found a transporter.
 35138 | Shoals:2 | Reached skill level 6 in Transmutations
 35247 | Shoals:2 | Found a transporter.
 36515 | Shoals:3 | Noticed Bai Suzhen
 36531 | Shoals:3 | Killed Bai Suzhen
 36535 | Shoals:3 | Found Ypanir's General Store.
 36553 | Shoals:3 | Reached skill level 7 in Earth Magic
 36651 | Shoals:3 | You pick up a book of Misfortune and begin reading...
 36651 | Shoals:3 | You add the spells Confusing Touch and Enfeeble to your
                  | library.
 36698 | Shoals:3 | Reached skill level 7 in Transmutations
 37042 | Shoals:3 | Learned a level 6 spell: Statue Form
 37438 | Shoals:4 | Entered Level 4 of the Shoals
 37439 | Shoals:4 | Offered knowledge of Ignition by Vehumet.
 37618 | D:10     | Bought a scroll of amnesia for 68 gold pieces
 37790 | Shoals:4 | Noticed Ilsuiw
 38434 | Shoals:4 | Identified the +8 dagger of the Heavens {pain, *Rage Str+5}
 38438 | Shoals:4 | You add the spells Summon Forest, Eringya's Noxious Bog and
                  | Summon Hydra to your library.
 38506 | Shoals:4 | Reached skill level 8 in Earth Magic
 38591 | Shoals:4 | Reached skill level 8 in Transmutations
 38615 | Shoals:4 | Killed Ilsuiw
 38616 | Shoals:4 | Reached XP level 18. HP: 123/123 MP: 16/30
 38846 | Shoals:4 | Identified the +7 lajatang of Diexutam {venom, Str+2}
 38995 | Shoals:4 | Reached skill level 9 in Earth Magic
 39082 | Shoals:4 | You pick up a book of Dreams and begin reading...
 39082 | Shoals:4 | You add the spells Ensorcelled Hibernation, Spider Form and
                  | Anguish to your library.
 39124 | Shoals:4 | Reached skill level 9 in Transmutations
 39317 | Shoals:4 | Got Sif Muna's Folio of Transmutation and the Map
 39599 | Shoals:4 | Got a barnacled rune of Zot
 39983 | Spider:1 | Entered Level 1 of the Spider Nest
 40038 | Spider:1 | Reached ****** piety under Vehumet
 40069 | Spider:1 | HP: 22/123 [something (18)]
 40475 | Spider:1 | Offered knowledge of Lehudib's Crystal Spear by Vehumet.
 40475 | Spider:1 | Offered knowledge of Fire Storm by Vehumet.
 40475 | Spider:1 | Offered knowledge of Shatter by Vehumet.
 40995 | Spider:1 | Reached skill level 10 in Earth Magic
 41157 | Spider:2 | Reached skill level 10 in Transmutations
 42094 | Spider:2 | Noticed Aizul
 42100 | Spider:2 | Killed Aizul
 42285 | Spider:2 | You pick up a book of Flames and begin reading...
 43055 | Spider:3 | Reached skill level 11 in Earth Magic
 43059 | Spider:3 | Reached skill level 13 in Spellcasting
 43059 | Spider:3 | Reached skill level 11 in Transmutations
 43080 | Spider:3 | You add the spells Mephitic Cloud and Freezing Cloud to
                  | your library.
 43535 | Spider:4 | Entered Level 4 of the Spider Nest
 43692 | Spider:4 | Reached XP level 19. HP: 125/128 MP: 23/32
 43813 | Spider:4 | You pick up a book of the Hunter and begin reading...
 44355 | Spider:4 | Noticed Arachne
 44982 | Spider:4 | Reached skill level 12 in Earth Magic
 44984 | Spider:4 | Reached skill level 12 in Transmutations
 45438 | Spider:4 | HP: 36/166 [something (12)]
 45806 | Spider:4 | Got a gossamer rune of Zot
 46059 | Lair:2   | magus.rc [v1.11.3]
 46274 | Vaults:1 | Entered Level 1 of the Vaults
 46471 | Vaults:1 | HP: 40/165 [vault warden/+3 great sword of electrocution
                  | (35)]
 46471 | Vaults:1 | HP: 17/165 [vault warden/+3 great sword of electrocution
                  | (23)]
 46534 | Vaults:1 | Reached skill level 7 in Fighting
 46956 | Vaults:1 | Reached skill level 14 in Spellcasting
 47445 | Vaults:1 | You pick up a book of Displacement and begin reading...
 47696 | Vaults:1 | Reached skill level 9 in Dodging
 47794 | Vaults:1 | Reached skill level 8 in Fighting
 48919 | Vaults:2 | You add the spells Olgreb's Toxic Radiance and Ignition to
                  | your library.
 48929 | Vaults:2 | Learned a level 8 spell: Ignition
 49165 | Vaults:2 | Reached XP level 20. HP: 140/140 MP: 16/34
 49539 | Vaults:2 | Reached skill level 9 in Fighting
 49539 | Vaults:2 | Reached skill level 10 in Dodging
 49653 | Vaults:2 | Found the +3 pair of gauntlets of War {Slay+5}
 49837 | Vaults:2 | Reached skill level 15 in Fire Magic
 49958 | Vaults:2 | Noticed Mara
 49975 | Vaults:2 | Noticed spiderkeys's illusion
 50119 | Vaults:2 | Noticed spiderkeys's illusion
 50222 | Vaults:2 | Noticed spiderkeys's illusion
 50226 | Vaults:2 | Killed Mara
 50602 | Vaults:2 | Identified the +10 sling "Ynasm" {venom, rPois rN+ Str+5
                  | Dex+3}
 50603 | Vaults:2 | Noticed a Tzitzimitl
 51141 | Vaults:2 | Reached skill level 10 in Fighting
 51293 | Vaults:2 | You pick up a book of the Senses and begin reading...
 51293 | Vaults:2 | You add the spells Dazzling Flash, Agony and Silence to
                  | your library.
 51829 | Vaults:3 | Reached skill level 11 in Dodging
 51841 | Vaults:3 | Reached skill level 16 in Fire Magic
 52286 | Vaults:3 | Reached XP level 21. HP: 151/151 MP: 16/35
 52862 | Vaults:3 | Noticed a bone dragon
 52885 | Vaults:3 | Killed a bone dragon
 52987 | Vaults:3 | Found a staircase to the Crypt.
 53559 | Vaults:4 | Reached skill level 11 in Fighting
 53638 | Vaults:4 | Reached skill level 17 in Fire Magic
 53746 | Vaults:4 | Reached skill level 12 in Dodging
 53802 | Vaults:4 | Paralysed by a great orb of eyes for 4 turns
 54556 | Vaults:4 | Noticed Frederick
 54564 | Vaults:4 | Killed Frederick
 54700 | Vaults:4 | Reached skill level 18 in Fire Magic
 54709 | Vaults:4 | Reached skill level 12 in Fighting
 54883 | Vaults:5 | Entered Level 5 of the Vaults
 54886 | Vaults:5 | Reached skill level 13 in Dodging
 54887 | Vaults:5 | Reached XP level 22. HP: 162/162 MP: 34/36
 55193 | Elf:1    | Entered Level 1 of the Elven Halls
 55224 | Elf:1    | Reached skill level 14 in Dodging
 55349 | Elf:1    | Found Hiru's Armour Boutique.
 55494 | Elf:1    | Found Yliekhlacw's Book Boutique.
 55524 | Elf:1    | Found Gunkep's Book Shoppe.
 55538 | Elf:1    | Found Aschoco's Magic Scroll Emporium.
 55554 | Elf:1    | Bought a scroll of amnesia for 56 gold pieces
 55680 | Elf:1    | Found a runed translucent door.
 55681 | Elf:1    | Noticed gdog's ghost (journeyman GnDe)
 55878 | Elf:1    | Found Meockusch's Weapon Shop.
 56033 | Elf:1    | Reached skill level 11 in Conjurations
 56152 | Elf:1    | Killed gdog's ghost
 56265 | Elf:2    | Reached skill level 13 in Earth Magic
 56298 | Elf:2    | You pick up a book of Dangerous Friends and begin
                  | reading...
 56298 | Elf:2    | You add the spells Summon Guardian Golem, Orb of
                  | Destruction and Spellforged Servitor to your library.
 56494 | Elf:2    | Found a runed translucent gate.
 56495 | Elf:2    | Found a runed translucent gate.
 56495 | Elf:2    | Found a runed translucent gate.
 56500 | Elf:2    | Reached skill level 12 in Conjurations
 57008 | Elf:2    | HP: 47/210 [+1 quick blade of distortion (26)]
 57169 | Elf:2    | a +0 dire flail of protection; a +1 vampiric executioner's
                  | axe {rare}
 57280 | Elf:2    | a +0 dire flail of protection; a +1 vampiric executioner's
                  | axe {rare}
 57411 | Elf:2    | Reached skill level 13 in Conjurations
 57778 | Elf:3    | Entered Level 3 of the Elven Halls
 57812 | Elf:3    | Found a huge runed translucent gate.
 57812 | Elf:3    | Found a huge runed translucent gate.
 57812 | Elf:3    | Found a huge runed translucent gate.
 57812 | Elf:3    | Found a huge runed translucent gate.
 57812 | Elf:3    | Found a huge runed translucent gate.
 57812 | Elf:3    | Found a huge runed translucent gate.
 57812 | Elf:3    | Found a huge runed translucent gate.
 57812 | Elf:3    | Found a huge runed translucent gate.
 57813 | Elf:3    | Identified the +7 double sword "Soffeeb" {flame, *Noise
                  | *Slow rPois Str+5}
 58257 | Elf:3    | Reached skill level 14 in Earth Magic
 58306 | Elf:3    | Paralysed by an air elemental for 1 turns
 58445 | Elf:3    | Paralysed by an air elemental for 1 turns
 58744 | Elf:3    | the +7 double sword "Soffeeb" {flame, *Noise *Slow rPois
                  | Str+5, rare}; a +0 double sword {rare}
 58745 | Elf:3    | the +7 double sword "Soffeeb" {flame, *Noise *Slow rPois
                  | Str+5, rare}; a +0 double sword {rare}
 58745 | Elf:3    | the +7 double sword "Soffeeb" {flame, *Noise *Slow rPois
                  | Str+5, rare}; a +0 double sword {rare}
 58745 | Elf:3    | Could not pick up the +7 double sword "Soffeeb" {flame,
                  | *Noise *Slow rPois Str+5, rare} here; ([A]lways) ignore it?
 58745 | Elf:3    | Could not pick up the +7 double sword "Soffeeb" {flame,
                  | *Noise *Slow rPois Str+5, rare} here; ([A]lways) ignore it?
 58746 | Elf:3    | a +7 double sword {rare}; a +0 double sword {rare}; an elf
                  | corpse
 58781 | Elf:3    | Learned a level 9 spell: Shatter
 59168 | Elf:3    | Learned a level 5 spell: Yara's Violent Unravelling
 59185 | Elf:3    | Reached skill level 14 in Conjurations
 59351 | Elf:3    | Identified the ring "Gydwokko" {Wiz rF+ rC+ rN++ Will-}
 59352 | Elf:3    | Reached XP level 23. HP: 168/168 MP: 21/36
 59353 | Elf:3    | You are cast into the Abyss!
 59353 | Abyss:2  | Cast into level 2 of the Abyss (a deep elf sorcerer)
 59385 | Elf:3    | You pass through the gate.
 59385 | Elf:3    | Escaped the Abyss
 59479 | Elf:3    | Identified the amulet of Puxut {Reflect -Tele Rampage rF+++
                  | Slay+4 SH+5}
 60057 | Elf:3    | Identified the ring of the Clam {rCorr Dex+2}
 60073 | Elf:3    | Identified the +6 mace of Subjectivity {flame, rN+ rCorr
                  | Int-2}
 60240 | Elf:3    | a +0 quick blade {rare}; a +0 quick blade {rare}; a +0
                  | leather armour
 60345 | Elf:3    | a +0 quick blade {rare}; a +0 quick blade {rare}; a +0
                  | leather armour
 60408 | Elf:3    | a +0 quick blade {rare}; a +0 quick blade {rare}; a +0
                  | leather armour
 60409 | Elf:3    | Reached skill level 15 in Conjurations
 60758 | Elf:3    | Identified the +8 sling of the Endless Expanse {flame, rC++
                  | Str-4 SInv}
 60765 | Elf:3    | You pick up a book of Cantrips and begin reading...
 60765 | Elf:3    | You add the spells Necrotise and Summon Small Mammal to
                  | your library.
 60778 | Elf:3    | You pick up a book of Winter and begin reading...
 60778 | Elf:3    | You add the spells Metabolic Englaciation and Simulacrum to
                  | your library.
 60811 | Elf:3    | Got the Codex of the Inconstant Entourage
 60913 | Elf:3    | You pick up a book of Storms and begin reading...
 60913 | Elf:3    | You add the spells Airstrike and Summon Lightning Spire to
                  | your library.
 61036 | Elf:3    | a +0 quick blade {rare}; a +0 leather armour; a +0 quick
                  | blade {rare}
 61224 | Depths:1 | Entered Level 1 of the Depths
 61530 | Depths:1 | Found Rixtyah's Book Emporium.
 61530 | Depths:1 | Found Uhats's Book Shoppe.
 61762 | Depths:1 | Found a gateway to Hell.
 61768 | Depths:1 | Reached skill level 15 in Earth Magic
 62124 | Depths:1 | You add the spells Malign Gateway and Borgnjor's
                  | Revivification to your library.
 62124 | Depths:1 | Got the Compilation of Black Rituals and Attendants
 62170 | Depths:1 | Found a white marble altar of Elyvilon.
 62575 | Depths:1 | Reached skill level 16 in Conjurations
 63229 | Depths:2 | Found a one-way gateway to a ziggurat.
 63440 | Depths:2 | Found a one-way gate leading to the halls of Pandemonium.
 63531 | Depths:2 | Found Leoluk's Book Shoppe.
 63531 | Depths:2 | Found Mugrewk's Jewellery Shop.
 63532 | Depths:2 | Found Cimeh's Book Shoppe.
 63620 | Depths:2 | Noticed a juggernaut
 63635 | Depths:2 | Killed a juggernaut
 63826 | Depths:2 | Identified the +1 robe of Infinity {Harm Regen+ rCorr}
 63889 | Depths:2 | Found a hide-covered altar of Uskayaw.
 64264 | Depths:3 | Found a one-way gate to the infinite horrors of the Abyss.
 64311 | Depths:3 | Reached XP level 24. HP: 176/176 MP: 22/37
 64318 | Depths:3 | +0 storm dragon scales {rare}; a storm dragon corpse
 64587 | Depths:3 | You pick up a book of the Wilderness and begin reading...
 64625 | Depths:3 | Reached skill level 17 in Conjurations
 64694 | Depths:3 | a +1 buckler of poison resistance; a +0 robe; a +7 quick
                  | blade {rare}
 64703 | Depths:3 | a +1 buckler of poison resistance; a +0 robe; a +7 quick
                  | blade {rare}
 64703 | Depths:3 | a +1 buckler of poison resistance; a +0 robe; a +7 quick
                  | blade {rare}
 64971 | Depths:3 | You add the spells Searing Ray, Blink and Starburst to your
                  | library.
 64971 | Depths:3 | Got the Spellbook of Lethal Elsewhere
 65370 | Depths:3 | Reached skill level 15 in Spellcasting
 65578 | Depths:4 | Entered Level 4 of the Depths
 65617 | Depths:4 | Reached skill level 16 in Earth Magic
 65955 | Depths:4 | You pick up a book of the Sky and begin reading...
 65955 | Depths:4 | You add the spells Storm Form and Maxwell's Capacitive
                  | Coupling to your library.
 66264 | Depths:4 | Reached skill level 18 in Conjurations
 66647 | Depths:4 | Found a gate to the Realm of Zot.
 67337 | Crypt:1  | Entered Level 1 of the Crypt
 67376 | Crypt:1  | Noticed a curse skull
 67388 | Crypt:1  | Killed a curse skull
 67589 | Vaults:3 | Upgraded the game from 0.30-a0-6-g7c9e10e132 to
                  | 0.30-a0-12-gd8047c6341
 67589 | Vaults:3 | magus.rc [v1.11.3]
 67788 | Crypt:1  | Noticed a curse skull
 67801 | Crypt:1  | Killed a curse skull
 67953 | Crypt:1  | Noticed a curse skull
 67954 | Crypt:1  | Noticed a curse skull
 67956 | Crypt:1  | Killed a curse skull
 67957 | Crypt:1  | Reached skill level 17 in Earth Magic
 67957 | Crypt:1  | Killed a curse skull
 67973 | Crypt:1  | Reached skill level 16 in Spellcasting
 68773 | Crypt:2  | Found a magical portal.
 68778 | WizLab   | Entered Cigotuvi's Fleshworks
 68924 | WizLab   | Reached XP level 25. HP: 181/181 MP: 39/39
 69067 | WizLab   | Identified the ring "Qouqoph" {Contam rC+ rN+ rCorr Stlth+}
 69131 | WizLab   | You add the spells Beastly Appendage and Borgnjor's Vile
                  | Clutch to your library.
 69131 | WizLab   | Got Cigotuvi's Octavo of Deathly Transformation
 69137 | WizLab   | You pick up a book of Transfigurations and begin reading...
 69137 | WizLab   | You add the spells Irradiate and Dragon Form to your
                  | library.
 69144 | WizLab   | You pick up a book of Transfigurations and begin reading...
 69547 | WizLab   | Acquired the ring "Azuolaeth" {rN+ MP+9 Str+4}
 69723 | Crypt:2  | Lost mutation: Your magical capacity is low. (-10% MP)
                  | [potion of mutation]
 69723 | Crypt:2  | Lost mutation: You are robust. (+10% HP) [potion of
                  | mutation]
 69723 | Crypt:2  | Gained mutation: Your spells are a little harder to cast,
                  | but a little more powerful. [potion of mutation]
 69723 | Crypt:2  | Gained mutation: You are dopey. (Int -2) [potion of
                  | mutation]
 69724 | Crypt:2  | Lost mutation: Your flesh is cold resistant. (rC+) [potion
                  | of mutation]
 69724 | Crypt:2  | Lost mutation: Your flesh is heat resistant. (rF+) [potion
                  | of mutation]
 69724 | Crypt:2  | Lost mutation: Your spells are a little harder to cast, but
                  | a little more powerful. [potion of mutation]
 69724 | Crypt:2  | Gained mutation: You are partially covered in iridescent
                  | scales. (AC +2) [potion of mutation]
 69724 | Crypt:2  | Gained mutation: You are frail. (-10% HP) [potion of
                  | mutation]
 69725 | Crypt:2  | Lost mutation: You are dopey. (Int -2) [potion of mutation]
 69725 | Crypt:2  | Lost mutation: You are partially covered in iridescent
                  | scales. (AC +2) [potion of mutation]
 69725 | Crypt:2  | Gained mutation: You are resistant to electric shocks.
                  | (rElec) [potion of mutation]
 69725 | Crypt:2  | Gained mutation: You are partially covered in iridescent
                  | scales. (AC +2) [potion of mutation]
 69726 | Crypt:2  | Lost mutation: You are resistant to electric shocks.
                  | (rElec) [potion of mutation]
 69726 | Crypt:2  | Lost mutation: You are frail. (-10% HP) [potion of
                  | mutation]
 69726 | Crypt:2  | Gained mutation: You are dopey. (Int -2) [potion of
                  | mutation]
 69726 | Crypt:2  | Gained mutation: You occasionally lose the ability to read
                  | scrolls when taking damage. [potion of mutation]
 69726 | Crypt:2  | Gained mutation: You are mostly covered in iridescent
                  | scales. (AC +4) [potion of mutation]
 69726 | Crypt:2  | Gained mutation: You are partially covered in large bone
                  | plates. (SH +4) [potion of mutation]
 69727 | Crypt:2  | Lost mutation: You are partially covered in large bone
                  | plates. (SH +4) [potion of mutation]
 69727 | Crypt:2  | Lost mutation: You occasionally lose the ability to read
                  | scrolls when taking damage. [potion of mutation]
 69727 | Crypt:2  | Lost mutation: You are mostly covered in iridescent scales.
                  | (AC +4) [potion of mutation]
 69727 | Crypt:2  | Gained mutation: You are robust. (+10% HP) [potion of
                  | mutation]
 69727 | Crypt:2  | Gained mutation: You occasionally shout uncontrollably at
                  | your foes. [potion of mutation]
 69727 | Crypt:2  | Gained mutation: You are strong-willed. (Will+) [potion of
                  | mutation]
 69728 | Crypt:2  | Lost mutation: You are dopey. (Int -2) [potion of mutation]
 69728 | Crypt:2  | Lost mutation: You are partially covered in iridescent
                  | scales. (AC +2) [potion of mutation]
 69728 | Crypt:2  | Gained mutation: You are weak. (Str -2) [potion of
                  | mutation]
 69729 | Crypt:2  | Lost mutation: You are weak. (Str -2) [potion of mutation]
 69729 | Crypt:2  | Lost mutation: You are strong-willed. (Will+) [potion of
                  | mutation]
 69729 | Crypt:2  | Gained mutation: You have hidden genetic potential. [potion
                  | of mutation]
 69730 | Crypt:2  | Lost mutation: You occasionally shout uncontrollably at
                  | your foes. [potion of mutation]
 69730 | Crypt:2  | Lost mutation: You are robust. (+10% HP) [potion of
                  | mutation]
 69730 | Crypt:2  | Lost mutation: You have hidden genetic potential. [potion
                  | of mutation]
 69730 | Crypt:2  | Gained mutation: One of your tentacles bears a spike.
                  | [potion of mutation]
 69732 | Crypt:2  | Lost mutation: One of your tentacles bears a spike. [potion
                  | of mutation]
 69732 | Crypt:2  | Gained mutation: Your spells are a little harder to cast,
                  | but a little more powerful. [potion of mutation]
 69732 | Crypt:2  | Gained mutation: You occasionally shout uncontrollably at
                  | your foes. [potion of mutation]
 69732 | Crypt:2  | Gained mutation: You are somewhat resistant to further
                  | mutation. [potion of mutation]
 69733 | Crypt:2  | Lost mutation: You are somewhat resistant to further
                  | mutation. [potion of mutation]
 69733 | Crypt:2  | Lost mutation: Your spells are a little harder to cast, but
                  | a little more powerful. [potion of mutation]
 69733 | Crypt:2  | Lost mutation: You occasionally shout uncontrollably at
                  | your foes. [potion of mutation]
 69733 | Crypt:2  | Gained mutation: You passively dampen the noise of your
                  | surroundings. [potion of mutation]
 69733 | Crypt:2  | Gained mutation: Your muscles are strong. (Str +4, Int/Dex
                  | -1) [potion of mutation]
 69734 | Crypt:2  | Lost mutation: You passively dampen the noise of your
                  | surroundings. [potion of mutation]
 69734 | Crypt:2  | Lost mutation: Your muscles are strong. (Str +4, Int/Dex
                  | -1) [potion of mutation]
 69734 | Crypt:2  | Gained mutation: Your body sometimes deteriorates upon
                  | taking damage. [potion of mutation]
 69734 | Crypt:2  | Gained mutation: You have a pair of small antennae on your
                  | head. [potion of mutation]
 69735 | Crypt:2  | Lost mutation: You have a pair of small antennae on your
                  | head. [potion of mutation]
 69735 | Crypt:2  | Lost mutation: Your body sometimes deteriorates upon taking
                  | damage. [potion of mutation]
 69735 | Crypt:2  | Gained mutation: Your magical capacity is low. (-10% MP)
                  | [potion of mutation]
 69735 | Crypt:2  | Gained mutation: Your system is resistant to poisons.
                  | (rPois) [potion of mutation]
 69736 | Crypt:2  | Lost mutation: Your magical capacity is low. (-10% MP)
                  | [potion of mutation]
 69736 | Crypt:2  | Lost mutation: Your system is resistant to poisons. (rPois)
                  | [potion of mutation]
 69736 | Crypt:2  | Gained mutation: You sometimes lose your temper in combat.
                  | [potion of mutation]
 69736 | Crypt:2  | Gained mutation: Your spells are a little easier to cast,
                  | but a little less powerful. [potion of mutation]
 69736 | Crypt:2  | Gained mutation: You are robust. (+10% HP) [potion of
                  | mutation]
 69737 | Crypt:2  | Lost mutation: Your spells are a little easier to cast, but
                  | a little less powerful. [potion of mutation]
 69737 | Crypt:2  | Lost mutation: You are robust. (+10% HP) [potion of
                  | mutation]
 69737 | Crypt:2  | Gained mutation: One of your tentacles bears a spike.
                  | [potion of mutation]
 69737 | Crypt:2  | Gained mutation: You expend magic power (3 MP) to
                  | strengthen your wands. [potion of mutation]
 69738 | Crypt:2  | Lost mutation: You expend magic power (3 MP) to strengthen
                  | your wands. [potion of mutation]
 69738 | Crypt:2  | Lost mutation: You sometimes lose your temper in combat.
                  | [potion of mutation]
 69738 | Crypt:2  | Lost mutation: One of your tentacles bears a spike. [potion
                  | of mutation]
 69738 | Crypt:2  | Gained mutation: Your spells are a little harder to cast,
                  | but a little more powerful. [potion of mutation]
 69738 | Crypt:2  | Gained mutation: You are frail. (-10% HP) [potion of
                  | mutation]
 69738 | Crypt:2  | Gained mutation: Your muscles are strong. (Str +4, Int/Dex
                  | -1) [potion of mutation]
 69739 | Crypt:2  | Lost mutation: Your spells are a little harder to cast, but
                  | a little more powerful. [potion of mutation]
 69739 | Crypt:2  | Lost mutation: Your muscles are strong. (Str +4, Int/Dex
                  | -1) [potion of mutation]
 69739 | Crypt:2  | Lost mutation: You are frail. (-10% HP) [potion of
                  | mutation]
 69739 | Crypt:2  | Gained mutation: Your spells are a little easier to cast,
                  | but a little less powerful. [potion of mutation]
 69739 | Crypt:2  | Gained mutation: One of your tentacles bears a spike.
                  | [potion of mutation]
 69740 | Crypt:2  | Lost mutation: One of your tentacles bears a spike. [potion
                  | of mutation]
 69740 | Crypt:2  | Lost mutation: Your spells are a little easier to cast, but
                  | a little less powerful. [potion of mutation]
 69740 | Crypt:2  | Gained mutation: Your muscles are strong. (Str +4, Int/Dex
                  | -1) [potion of mutation]
 69741 | Crypt:2  | Lost mutation: Your muscles are strong. (Str +4, Int/Dex
                  | -1) [potion of mutation]
 69741 | Crypt:2  | Gained mutation: You are dopey. (Int -2) [potion of
                  | mutation]
 69742 | Crypt:2  | Lost mutation: You are dopey. (Int -2) [potion of mutation]
 69742 | Crypt:2  | Gained mutation: You occasionally lose the ability to read
                  | scrolls when taking damage. [potion of mutation]
 69742 | Crypt:2  | Gained mutation: One of your tentacles bears a spike.
                  | [potion of mutation]
 69742 | Crypt:2  | Gained mutation: Your spells are a little easier to cast,
                  | but a little less powerful. [potion of mutation]
 69742 | Crypt:2  | Gained mutation: You are partially covered in iridescent
                  | scales. (AC +2) [potion of mutation]
 69743 | Crypt:2  | Lost mutation: Your spells are a little easier to cast, but
                  | a little less powerful. [potion of mutation]
 69743 | Crypt:2  | Lost mutation: One of your tentacles bears a spike. [potion
                  | of mutation]
 69743 | Crypt:2  | Gained mutation: Your muscles are strong. (Str +4, Int/Dex
                  | -1) [potion of mutation]
 69744 | Crypt:2  | Lost mutation: You are partially covered in iridescent
                  | scales. (AC +2) [potion of mutation]
 69744 | Crypt:2  | Lost mutation: Your muscles are strong. (Str +4, Int/Dex
                  | -1) [potion of mutation]
 69744 | Crypt:2  | Gained mutation: Your body sometimes deteriorates upon
                  | taking damage. [potion of mutation]
 69745 | Crypt:2  | Lost mutation: Your body sometimes deteriorates upon taking
                  | damage. [potion of mutation]
 69745 | Crypt:2  | Lost mutation: You occasionally lose the ability to read
                  | scrolls when taking damage. [potion of mutation]
 69745 | Crypt:2  | Gained mutation: Your body sometimes deteriorates upon
                  | taking damage. [potion of mutation]
 69745 | Crypt:2  | Gained mutation: Your flesh is cold resistant. (rC+)
                  | [potion of mutation]
 69745 | Crypt:2  | Gained mutation: You are partially covered in iridescent
                  | scales. (AC +2) [potion of mutation]
 69745 | Crypt:2  | Gained mutation: You are agile. (Dex +4, Str/Int -1)
                  | [potion of mutation]
 69891 | Crypt:2  | Reached skill level 18 in Earth Magic
 69934 | Crypt:2  | Reached skill level 17 in Spellcasting
 70546 | Crypt:3  | Entered Level 3 of the Crypt
 70631 | Crypt:3  | You pick up a book of Minor Magic and begin reading...
 70631 | Crypt:3  | You add the spells Magic Dart and Call Imp to your library.
 71000 | Crypt:3  | Reached skill level 18 in Spellcasting
 71132 | Crypt:3  | Found a staircase to the Tomb.
 71139 | Crypt:3  | You pick up a book of Power and begin reading...
 71284 | Crypt:3  | Found an ancient bone altar of Kikubaaqudgha.
 71582 | Crypt:3  | Noticed an ancient lich
 71584 | Crypt:3  | Noticed an ancient lich
 71590 | Crypt:3  | Killed an ancient lich
 71592 | Crypt:3  | Killed an ancient lich
 71594 | Crypt:3  | Identified the +1 mace "Ilac" {vamp, rN+ Int+4}
 71597 | Crypt:3  | Identified the +6 morningstar of the Valley {drain, *Noise
                  | Int+3 SInv}
 71614 | Crypt:3  | You add the spells Death Channel and Dispersal to your
                  | library.
 71614 | Crypt:3  | Got Sophisticated Spellcasting
 72180 | Crypt:3  | Noticed a curse skull
 72182 | Crypt:3  | Killed a curse skull
 72219 | Crypt:3  | Noticed a curse skull
 72221 | Crypt:3  | Killed a curse skull
 72304 | Crypt:3  | You add the spells Static Discharge and Poisonous Vapours
                  | to your library.
 72304 | Crypt:3  | Got the Book of Illusion and the Storm
 72865 | Slime:1  | Entered Level 1 of the Pits of Slime
 72896 | Slime:1  | Gained mutation: You are frail. (-10% HP) [a shining eye]
 73231 | Slime:2  | Noticed Dissolution
 73237 | Slime:2  | Killed Dissolution
 73238 | Slime:2  | Reached skill level 19 in Earth Magic
 73242 | Slime:2  | Reached XP level 26. HP: 132/153 MP: 26/45
 73831 | Slime:5  | Entered Level 5 of the Pits of Slime
 73839 | Slime:5  | Reached skill level 19 in Fire Magic
 73982 | Slime:5  | Noticed the Royal Jelly
 75812 | Slime:4  | Gained mutation: You are weak. (Str -2) [a shining eye]
 76161 | Slime:4  | Reached skill level 19 in Spellcasting
 76298 | Slime:5  | Reached skill level 20 in Earth Magic
 76719 | Slime:5  | Found a viscous altar of Jiyva.
 76871 | Slime:5  | Identified the amulet "Fidak" {Faith Will+}
 76874 | Slime:5  | Got a slimy rune of Zot
 76876 | Slime:5  | Acquired 1190 gold pieces
 76956 | Slime:5  | You pick up a book of Flames and begin reading...
 77004 | Slime:5  | Identified the +2 sling "Liep" {freeze, rElec Str+3}
 77017 | Slime:5  | Identified the ring "Meroikhu" {AC+4 Dex+4}
 77077 | Slime:5  | Identified the +0 leather armour "Dodwi" {Dex+3 SInv
                  | Stlth-}
 77805 | Crypt:3  | Learned a level 9 spell: Fire Storm
 77812 | Crypt:3  | Learned a level 6 spell: Iron Shot
 78097 | D:12     | Bought the ring "Gyafax" {rF+ EV+4 Str-5 Dex+6} for 677
                  | gold pieces
 78215 | Elf:1    | Bought a manual of Shields for 1280 gold pieces
 78236 | Elf:1    | Bought a scroll of magic mapping for 105 gold pieces
 78438 | Depths:2 | Bought the ring of the Hare {EV+8} for 1920 gold pieces
 78438 | Depths:2 | Found the ring of the Hare {EV+8}
 78577 | D:10     | Bought a scroll of magic mapping for 127 gold pieces
 78588 | D:10     | magus.rc [v1.11.3]
 78727 | Zot:1    | Entered Level 1 of the Realm of Zot
 78979 | Zot:1    | a +0 scimitar; quicksilver dragon scales {rare}; a
                  | quicksilver dragon corpse
 79030 | Zot:1    | Identified the ring "Qesuxir" {rN+ SInv Stlth+}
 79132 | Zot:1    | Noticed a curse toe
 79147 | Zot:1    | Killed a curse toe
 79715 | Zot:2    | Reached skill level 21 in Earth Magic
 80323 | Zot:2    | Found the +4 dragonskin cloak
 80323 | Zot:2    | Tiamat, Avatar of the Dragonlord comes into view. She is
                  | wielding a +0 vampiric glaive and wearing the +4 dragonskin
                  | cloak.
 80323 | Zot:2    | Noticed Tiamat
 80324 | Zot:2    | Here: Tiamat, wielding a +0 vampiric glaive and wearing the
                  | +4 dragonskin cloak
 80324 | Zot:2    | Here: Tiamat, wielding a +0 vampiric glaive and wearing the
                  | +4 dragonskin cloak
 80438 | Zot:2    | Aim: Tiamat, wielding a +0 vampiric glaive and wearing the
                  | +4 dragonskin cloak (wandering, hasn't noticed you)
 80438 | Zot:2    | Aim: Tiamat, wielding a +0 vampiric glaive and wearing the
                  | +4 dragonskin cloak (wandering, hasn't noticed you)
 80445 | Zot:2    | Aim: Tiamat, wielding a +0 vampiric glaive and wearing the
                  | +4 dragonskin cloak (lightly wounded, ally target)
 80445 | Zot:2    | Aim: Tiamat, wielding a +0 vampiric glaive and wearing the
                  | +4 dragonskin cloak (lightly wounded, ally target)
 80450 | Zot:2    | Aim: Tiamat, wielding a +0 vampiric glaive and wearing the
                  | +4 dragonskin cloak (moderately wounded, constricted by
                  | your mature weirdox beast, catching her breath, ally
                  | target, about 8% to evade the +10 trident of the
                  | Hierophant)
 80450 | Zot:2    | Aim: Tiamat, wielding a +0 vampiric glaive and wearing the
                  | +4 dragonskin cloak (moderately wounded, constricted by
                  | your mature weirdox beast, catching her breath, ally
                  | target, about 8% to evade the +10 trident of the
                  | Hierophant)
 80451 | Zot:2    | Aim: Tiamat, wielding a +0 vampiric glaive and wearing the
                  | +4 dragonskin cloak (heavily wounded, constricted by your
                  | mature weirdox beast, catching her breath, ally target,
                  | about 8% to evade the +10 trident of the Hierophant)
 80451 | Zot:2    | Aim: Tiamat, wielding a +0 vampiric glaive and wearing the
                  | +4 dragonskin cloak (heavily wounded, constricted by your
                  | mature weirdox beast, catching her breath, ally target,
                  | about 8% to evade the +10 trident of the Hierophant)
 80452 | Zot:2    | Aim: Tiamat, wielding a +0 vampiric glaive and wearing the
                  | +4 dragonskin cloak (heavily wounded, constricted by your
                  | mature weirdox beast, ally target, about 8% to evade the
                  | +10 trident of the Hierophant)
 80452 | Zot:2    | Aim: Tiamat, wielding a +0 vampiric glaive and wearing the
                  | +4 dragonskin cloak (heavily wounded, constricted by your
                  | mature weirdox beast, ally target, about 8% to evade the
                  | +10 trident of the Hierophant)
 80453 | Zot:2    | Aim: Tiamat, wielding a +0 vampiric glaive and wearing the
                  | +4 dragonskin cloak (heavily wounded, constricted by your
                  | mature weirdox beast, not watching you, ally target, about
                  | 8% to evade the +10 trident of the Hierophant)
 80453 | Zot:2    | Aim: Tiamat, wielding a +0 vampiric glaive and wearing the
                  | +4 dragonskin cloak (heavily wounded, constricted by your
                  | mature weirdox beast, not watching you, ally target, about
                  | 8% to evade the +10 trident of the Hierophant)
 80454 | Zot:2    | Aim: Tiamat, wielding a +0 vampiric glaive and wearing the
                  | +4 dragonskin cloak (severely wounded, constricted by your
                  | mature weirdox beast, ally target, about 8% to evade the
                  | +10 trident of the Hierophant)
 80454 | Zot:2    | Aim: Tiamat, wielding a +0 vampiric glaive and wearing the
                  | +4 dragonskin cloak (severely wounded, constricted by your
                  | mature weirdox beast, ally target, about 8% to evade the
                  | +10 trident of the Hierophant)
 80455 | Zot:2    | Aim: Tiamat, wielding a +0 vampiric glaive and wearing the
                  | +4 dragonskin cloak (blue smoke, severely wounded)
 80455 | Zot:2    | Aim: Tiamat, wielding a +0 vampiric glaive and wearing the
                  | +4 dragonskin cloak (blue smoke, severely wounded)
 80455 | Zot:2    | HP: 37/198 [red draconian scorcher/damnation[Tiamat] (20)]
 80472 | Zot:2    | Here: Tiamat, wielding a +0 vampiric glaive and wearing the
                  | +4 dragonskin cloak (severely wounded)
 80473 | Zot:2    | Here: Tiamat, wielding a +0 vampiric glaive and wearing the
                  | +4 dragonskin cloak (severely wounded)
 80473 | Zot:2    | Here: Tiamat, wielding a +0 vampiric glaive and wearing the
                  | +4 dragonskin cloak (severely wounded)
 80475 | Zot:2    | Aim: Tiamat, wielding a +0 vampiric glaive and wearing the
                  | +4 dragonskin cloak (thunder, severely wounded, slow,
                  | catching her breath)
 80475 | Zot:2    | Aim: Tiamat, wielding a +0 vampiric glaive and wearing the
                  | +4 dragonskin cloak (thunder, severely wounded, slow,
                  | catching her breath)
 80476 | Zot:2    | Aim: Tiamat, wielding a +0 vampiric glaive and wearing the
                  | +4 dragonskin cloak (thunder, almost dead, slow, catching
                  | her breath, 78% to hit)
 80476 | Zot:2    | Aim: Tiamat, wielding a +0 vampiric glaive and wearing the
                  | +4 dragonskin cloak (thunder, almost dead, slow, catching
                  | her breath, 78% to hit)
 80477 | Zot:2    | Aim: Tiamat, wielding a +0 vampiric glaive and wearing the
                  | +4 dragonskin cloak (thunder, almost dead, slow, catching
                  | her breath, 78% to hit)
 80477 | Zot:2    | Aim: Tiamat, wielding a +0 vampiric glaive and wearing the
                  | +4 dragonskin cloak (thunder, almost dead, slow, catching
                  | her breath, 78% to hit)
 80479 | Zot:2    | Aim: Tiamat, wielding a +0 vampiric glaive and wearing the
                  | +4 dragonskin cloak (flame, almost dead, slow, catching her
                  | breath, about 27% to evade the +10 trident of the
                  | Hierophant)
 80479 | Zot:2    | Aim: Tiamat, wielding a +0 vampiric glaive and wearing the
                  | +4 dragonskin cloak (flame, almost dead, slow, catching her
                  | breath, about 27% to evade the +10 trident of the
                  | Hierophant)
 80479 | Zot:2    | Killed Tiamat
 80480 | Zot:2    | Reached skill level 20 in Fire Magic
 80618 | Zot:2    | quicksilver dragon scales {rare}; a quicksilver dragon
                  | skeleton
 80783 | Zot:2    | Identified +9 gold dragon scales
 80783 | Zot:2    | Noticed Parghit
 80788 | Zot:2    | Killed Parghit
 80843 | Zot:2    | 6 large rocks {=f}; +9 gold dragon scales {rare}
 81119 | Zot:2    | Reached XP level 27. HP: 159/159 MP: 27/46
 81284 | Zot:3    | Identified the +4 short sword of a Thousand Emperors
                  | {antimagic, rN+ Will++ Dex+3}
 81418 | Zot:3    | Reached skill level 20 in Spellcasting
 81494 | Zot:3    | Identified the ring "Bokusheq" {rCorr Str+2 SInv}
 81567 | Zot:3    | Identified +0 gold dragon scales
 81674 | Zot:3    | Noticed an electric golem
 81679 | Zot:3    | Killed an electric golem
 81680 | Zot:3    | Reached skill level 22 in Earth Magic
 81919 | Zot:3    | Acquired 632 gold pieces
 82163 | Zot:4    | Identified the +2 robe of the Evening {*Slow Fly rC+++
                  | Str-5}
 82300 | Zot:4    | +0 storm dragon scales {rare}; a storm dragon corpse
 82312 | Zot:4    | Noticed an orb of fire
 82319 | Zot:4    | Killed an orb of fire
 82424 | Zot:4    | Reached skill level 21 in Fire Magic
 83169 | Zot:5    | Entered Level 5 of the Realm of Zot
 83644 | Zot:1    | +0 storm dragon scales {rare}; a +0 great mace
 83946 | Vaults:5 | Reached skill level 22 in Fire Magic
 85037 | Vaults:5 | Noticed an ancient lich
 85041 | Vaults:5 | Killed an ancient lich
 85367 | Vaults:5 | Reached skill level 21 in Spellcasting
 85478 | Vaults:5 | Acquired a staff of earth
 85626 | Vaults:5 | You pick up a book of Hexes and begin reading...
 85626 | Vaults:5 | You add the spells Cause Fear and Discord to your library.
 85663 | Vaults:5 | Identified the amulet of Zeyrgh {Acrobat SInv}
 85679 | Vaults:5 | Identified the +8 quarterstaff "Zeip" {flame, rElec rCorr
                  | Str+4 Dex-2}
 85697 | Vaults:5 | You add the spells Slow, Fulminant Prism and Polar Vortex
                  | to your library.
 85697 | Vaults:5 | Got the Lectures on Guile and the Winter
 85701 | Vaults:5 | Identified the +9 halberd of the Uplifting Seeker {freeze,
                  | MP+9 Int+2}
 85914 | Vaults:5 | You pick up a book of Unlife and begin reading...
 85919 | Vaults:5 | You pick up a book of Spectacle and begin reading...
 85921 | Vaults:5 | You pick up a book of the Moon and begin reading...
 85980 | Vaults:5 | Found the +3 giant club "Skullcrusher" {speed, Str+7}
 85985 | Vaults:5 | Identified the ring "Vihirghu" {rPois Dex+6}
 85987 | Vaults:5 | Got a silver rune of Zot
 86048 | Vaults:5 | Identified the +5 mace of the Endless Expanse {holy, rElec
                  | rF++ Will+}
 86143 | Vaults:5 | Found Deake's Weapon Shoppe.
 86146 | Vaults:5 | Found Xutrio Kuel's Antique Weapon Boutique.
 86592 | Vaults:5 | Learned a level 8 spell: Necromutation
 87299 | Depths:3 | Voluntarily entered the Abyss.
 87352 | Abyss:2  | Reached skill level 1 in Necromancy
 87355 | Abyss:2  | Reached skill level 23 in Fire Magic
 87523 | Abyss:2  | Reached skill level 2 in Necromancy
 87610 | Abyss:2  | Reached skill level 3 in Necromancy
 87752 | Abyss:2  | Reached skill level 4 in Necromancy
 87789 | Abyss:4  | Found a corrupted altar of Lugonu.
 87908 | Abyss:4  | Found a transporter.
 87914 | Abyss:4  | Reached skill level 5 in Necromancy
 87924 | Abyss:4  | Reached skill level 6 in Necromancy
 87939 | Abyss:4  | Found a transporter.
 87941 | Abyss:4  | Got an abyssal rune of Zot
 87972 | Depths:3 | You pass through the gate.
 87972 | Depths:3 | Escaped the Abyss
 88411 | Tomb:1   | Entered Level 1 of the Tomb of the Ancients
 88484 | Tomb:1   | Reached skill level 7 in Necromancy
 88500 | Tomb:1   | Paralysed by a sphinx for 2 turns
 88583 | Crypt:3  | Lost mutation: You are partially covered in iridescent
                  | scales. (AC +2) [potion of mutation]
 88583 | Crypt:3  | Lost mutation: Your body sometimes deteriorates upon taking
                  | damage. [potion of mutation]
 88583 | Crypt:3  | Lost mutation: You are agile. (Dex +4, Str/Int -1) [potion
                  | of mutation]
 88583 | Crypt:3  | Gained mutation: You expend magic power (3 MP) to
                  | strengthen your wands. [potion of mutation]
 88583 | Crypt:3  | Gained mutation: You are somewhat resistant to further
                  | mutation. [potion of mutation]
 88584 | Crypt:3  | Lost mutation: You expend magic power (3 MP) to strengthen
                  | your wands. [potion of mutation]
 88584 | Crypt:3  | Lost mutation: You are frail. (-10% HP) [potion of
                  | mutation]
 88964 | Zig:1    | Entered Level 1 of a ziggurat
 88983 | Zig:1    | You pick up a book of Party Tricks and begin reading...
 88987 | Zig:2    | Entered Level 2 of a ziggurat
 89039 | Zig:3    | Entered Level 3 of a ziggurat
 89044 | Zig:3    | Reached skill level 8 in Necromancy
 89154 | Zig:4    | Entered Level 4 of a ziggurat
 89184 | Zig:4    | Got the Compendium of Flamy Mortification
 89217 | Zig:5    | Entered Level 5 of a ziggurat
 89236 | Zig:5    | Identified the +7 quarterstaff of Instinct {vorpal, Fly
                  | rF+}
 89237 | Zig:5    | Identified the +2 plate armour of the Grue {*Corrode rElec
                  | rPois Int+4}
 89244 | Zig:5    | You pick up a book of the Sky and begin reading...
 89249 | Zig:6    | Entered Level 6 of a ziggurat
 89275 | Zig:6    | Identified the +11 spear "Ocezuh" {flame, *Noise Dex+7}
 89278 | Zig:6    | Identified the +8 fire dragon scales "Petaur" {rF++ rC-
                  | rN+}
 89280 | Zig:6    | You pick up a book of Decay and begin reading...
 89285 | Zig:7    | Entered Level 7 of a ziggurat
 89303 | Zig:7    | Noticed a caustic shrike
 89304 | Zig:7    | Noticed a caustic shrike
 89306 | Zig:7    | Reached skill level 9 in Necromancy
 89306 | Zig:7    | Killed a caustic shrike
 89309 | Zig:7    | Killed a caustic shrike
 89360 | Zig:7    | Identified the +0 robe of the Apple {rCorr}
 89363 | Zig:7    | Identified the +9 arbalest of Hubris {vorpal, rElec rPois
                  | Int-2}
 89370 | Zig:8    | Entered Level 8 of a ziggurat
 89382 | Zig:8    | Reached skill level 10 in Necromancy
 89536 | Zig:8    | You pick up a book of Beasts and begin reading...
 89542 | Zig:8    | You pick up a book of the Moon and begin reading...
 89544 | Zig:8    | Got the Meditations on Windy Firn
 89547 | Zig:8    | Identified the amulet of the Monkey's Uncle {rElec Regen+
                  | Str+4 Int-4 Stlth+}
 89578 | Zig:9    | Entered Level 9 of a ziggurat
 89584 | Zig:9    | Noticed a caustic shrike
 89591 | Zig:9    | Killed a caustic shrike
 89592 | Zig:9    | Reached skill level 13 in Fighting
 89685 | Zig:9    | Identified the +3 flail "Riprac" {venom, rC++ Str-4 Int+2
                  | Dex+3}
 89690 | Zig:9    | Identified the +3 quarterstaff of Instinct {vorpal, Str+3
                  | Stlth+}
 89698 | Zig:10   | Entered Level 10 of a ziggurat
 89715 | Zig:10   | Reached skill level 11 in Necromancy
 89716 | Zig:10   | Noticed Qolyuc the pandemonium lord
 89720 | Zig:10   | Killed Qolyuc the pandemonium lord
 89722 | Zig:10   | HP: 30/180 [Tzitzimitl/dispel undead (28)]
 89888 | Zig:10   | You pick up a book of the Senses and begin reading...
 89895 | Zig:10   | Identified the +6 falchion "Wuon Fel" {vorpal, rPois Str+3
                  | Stlth+}
 89974 | Zot:1    | +0 storm dragon scales {rare}; a +0 great mace
 90147 | Zot:5    | Noticed an orb of fire
 90147 | Zot:5    | Gained mutation: You are frail. (-10% HP) [an orb of fire]
 90353 | Zot:5    | Noticed an orb of fire
 90408 | Zot:4    | Gained mutation: You occasionally lose the ability to drink
                  | potions when taking damage. [mutagenic glow]
 90443 | Zot:5    | Killed an orb of fire
 90712 | Zot:5    | quicksilver dragon scales {rare}; a quicksilver dragon
                  | skeleton
 90719 | Zot:5    | Noticed an orb of fire
 90720 | Zot:5    | Reached skill level 12 in Necromancy
 90749 | Zot:4    | HP: 33/162 [orb of fire (11)]
 90780 | Zot:4    | HP: 39/162 [orb of fire/fireball (17)]
 91014 | Zot:3    | Gained mutation: You are very frail. (-20% HP) [mutagenic
                  | glow]
 91589 | Zot:3    | Learned a level 5 spell: Irradiate
 91743 | Zot:4    | HP: 30/139 [orb of fire/bolt of fire (8)]
 91744 | Zot:4    | Killed an orb of fire
 91990 | Zot:5    | Noticed a dread lich
 92007 | Zot:4    | Killed an orb of fire
 92127 | Zot:5    | Noticed a curse toe
 92130 | Zot:5    | Killed a curse toe
 92206 | Zot:5    | Noticed an orb of fire
 92643 | Zot:3    | Lost mutation: You are very frail. (-20% HP) [potion of
                  | mutation]
 92643 | Zot:3    | Lost mutation: Your flesh is cold resistant. (rC+) [potion
                  | of mutation]
 92643 | Zot:3    | Lost mutation: You are weak. (Str -2) [potion of mutation]
 92643 | Zot:3    | Gained mutation: Your system is resistant to poisons.
                  | (rPois) [potion of mutation]
 92644 | Zot:3    | Lost mutation: You occasionally lose the ability to drink
                  | potions when taking damage. [potion of mutation]
 92644 | Zot:3    | Lost mutation: You are somewhat resistant to further
                  | mutation. [potion of mutation]
 92644 | Zot:3    | Gained mutation: You are weak. (Str -2) [potion of
                  | mutation]
 92644 | Zot:3    | Gained mutation: You are clumsy. (Dex -2) [potion of
                  | mutation]
 92645 | Zot:3    | Lost mutation: Your system is resistant to poisons. (rPois)
                  | [potion of mutation]
 92645 | Zot:3    | Lost mutation: You are weak. (Str -2) [potion of mutation]
 92645 | Zot:3    | Lost mutation: You are clumsy. (Dex -2) [potion of
                  | mutation]
 92645 | Zot:3    | Gained mutation: You are partially covered in iridescent
                  | scales. (AC +2) [potion of mutation]
 92645 | Zot:3    | Gained mutation: You expend magic power (3 MP) to
                  | strengthen your wands. [potion of mutation]
 93059 | Zot:4    | Killed an orb of fire
 93256 | Zot:5    | Noticed an orb of fire
 93434 | Zot:5    | Noticed an orb of fire
 93444 | Zot:5    | Killed an orb of fire
 93445 | Zot:5    | Reached skill level 14 in Fighting
 93445 | Zot:5    | Reached skill level 13 in Necromancy
 93450 | Zot:5    | Killed an orb of fire
 93586 | Zot:5    | Noticed an electric golem
 93591 | Zot:5    | Killed an electric golem
 93601 | Zot:5    | HP: 29/164 [Killer Klown/+10 club (26)]
 93938 | Zot:5    | Killed a dread lich
 94341 | Zot:5    | Noticed an ancient lich
 94351 | Zot:5    | HP: 2/214 [something/crystal spear (67)]
 94359 | Zot:5    | Killed an ancient lich
 94360 | Zot:5    | Reached skill level 14 in Necromancy
 94731 | Zot:5    | Noticed an orb of fire
 94749 | Zot:5    | Killed an orb of fire
 95114 | Zot:5    | You pick up a book of the Moon and begin reading...
 95118 | Zot:5    | Noticed an electric golem
 95128 | Zot:5    | Killed an electric golem
 95689 | Zot:5    | Got the Orb of Zot
 95797 | Zot:3    | Noticed Sinupi the pandemonium lord
 95797 | Zot:3    | Noticed an ancient lich
 95864 | Zot:1    | quicksilver dragon scales {rare}; a +0 scimitar
 95880 | Zot:1    | +0 storm dragon scales {rare}; a +0 great mace
 95993 | D:12     | Reached skill level 15 in Necromancy
 96180 | D:3      | Reached skill level 15 in Fighting
 96265 | D:$      | Escaped with the Orb!

Vanquished Creatures
  Dissolution (Slime:2)
  Tiamat (Zot:2)
  8 orbs of fire
  A dread lich (Zot:5)
  4 ancient liches
  Mara (Vaults:2)
  A juggernaut (Depths:2)
  A pandemonium lord (Zig:10)
  6 Killer Klowns
  Frederick (Vaults:4)
  Bai Suzhen (Shoals:3)
  2 curse toes
  Parghit (Zot:2)
  3 caustic shrikes
  5 golden dragons
  A mutant beast (WizLab)
  2 bone dragons
  3 electric golems
  A Tzitzimitl (Zig:10)
  A Brimstone Fiend (Zig:10)
  2 iron giants (Zig:9)
  16 tentacled monstrosities
  5 liches
  5 Hell Sentinels
  25 Orb Guardians (Zot:5)
  6 quicksilver dragons
  2 deep elf master archers
  A walking frostbound tome (Depths:4)
  6 deep elf blademasters (Elf:3)
  2 tentacled starspawn (Abyss:4)
  9 sphinxes
  7 death cobs
  15 acid blobs
  Kirke (D:15)
  2 ancient champions
  15 storm dragons
  A shadow dragon (shapeshifter) (Zig:8)
  9 shadow dragons
  5 tengu reavers
  2 Executioners (Zig:10)
  Ilsuiw (Shoals:4)
  7 azure jellies
  Donald (Shoals:2)
  Roxanne (D:15)
  7 frost giants
  8 fire giants
  4 rockslimes
  A revenant (Crypt:2)
  6 draconian knights
  2 iron dragons
  2 daevas
  2 draconian monks
  A nargun (Zig:2)
  Aizul (Spider:2)
  10 deep elf sorcerers
  6 draconian scorchers
  An emperor scorpion (Spider:4)
  6 ghost moths
  The ghost of gdog the Covert, a journeyman GnDe of Gozag (Elf:1)
  A cacodemon (Abyss:4)
  4 juggernaut zombies
  23 vault wardens
  Louise (D:15)
  A quicksilver elemental (Zig:9)
  7 draconian shifters
  6 curse skulls
  2 orc warlords (Vaults:3)
  2 draconian stormcallers
  2 balrugs
  4 deep elf elementalists (Elf:3)
  A quicksilver ooze (Slime:1)
  An angel (Abyss:4)
  28 very ugly things
  4 spriggan defenders
  3 ghouls
  6 draconian annihilators
  2 broodmothers
  19 ironbound preservers
  9 war gargoyles
  2 reapers (Crypt:3)
  8 stone giants
  2 vampire knights (Depths:3)
  8 deep elf demonologists
  7 ironbound thunderhulks
  7 green draconians
  12 deep elf annihilators
  10 black draconians
  18 red draconians
  A demonspawn black sun (Zig:10)
  An eleionoma (shapeshifter) (WizLab)
  9 spark wasps
  5 dire elephants (Vaults:2)
  Azrael (D:12)
  9 white draconians
  11 purple draconians
  7 yellow draconians
  6 entropy weavers
  8 ettins
  A blizzard demon (Zig:10)
  9 eidola
  A crystal guardian (Vaults:2)
  10 deep elf death magi
  19 yaktaur captains
  Snorg (D:12)
  A green death (Depths:2)
  5 merfolk javelineers
  Josephine (D:14)
  10 merfolk impalers
  A quicksilver dragon zombie (Crypt:3)
  7 jiangshi
  3 spriggan zombies
  A mummy priest (Crypt:3)
  9 deep elf high priests
  16 fire dragons
  12 great orbs of eyes
  A shambling mangrove (Zig:4)
  A salamander tyrant (Zig:6)
  Harold (D:10)
  9 boulder beetles
  4 rakshasas
  A spriggan air mage (Depths:4)
  38 vault guards
  3 peacekeepers
  3 hell beasts
  3 spriggan skeletons
  3 radroaches
  8 ice dragons
  6 hydras
  2 alligator snapping turtles
  9 ironbound frosthearts
  3 satyrs
  2 catoblepae
  2 merfolk avatars
  Erica (D:10)
  6 merfolk aquamancers
  7 ogre magi
  20 two-headed ogres
  28 dancing weapons
  3 death knights
  2 fenstrider witch skeletons
  2 anacondas (shapeshifter)
  7 centaur warriors
  6 death scarabs (Tomb:1)
  5 deep troll shamans
  An alligator (shapeshifter) (Vaults:5)
  6 spriggan berserkers
  Urug (Orc:2)
  A tengu warrior (Depths:1)
  9 deep troll earth magi
  3 death yaks (Lair:5)
  6 hell hogs
  A naga sharpshooter (Zig:6)
  10 vampire magi
  2 thrashing horrors
  2 hell knights (Depths:1)
  19 deep elf knights
  A titan zombie (Crypt:3)
  4 titan skeletons
  A shock serpent (shapeshifter) (Zig:8)
  8 pharaoh ants
  A salamander mystic (Depths:1)
  2 fire crabs (shapeshifter)
  A sixfirhy (D:12)
  8 sun demons
  A goliath frog (Zig:4)
  14 soul eaters
  19 skeletal warriors
  6 sea snakes
  2 wretched stars
  6 iron trolls
  A spark wasp zombie (Depths:2)
  A shadow wraith (Shoals:3)
  A death drake (shapeshifter) (WizLab)
  2 anaconda zombies
  A shadow demon (D:2)
  7 steelbarb worms
  2 tengu zombies
  11 orb spiders
  3 bog bodies
  17 deep elf archers
  A flayed ghost (Depths:1)
  7 glowing orange brains
  A shadow dragon zombie (Vaults:4)
  Lodul (D:10)
  9 wizards
  3 obsidian statues
  22 ironbound convokers
  39 deep elf pyromancers
  A swamp dragon (Lair:5)
  21 harpies
  An iron giant skeleton (Crypt:1)
  15 phantasmal warriors
  55 deep trolls
  Pikel (D:7)
  14 lindwurms
  4 orc knights
  32 deep elf zephyrmancers
  4 harpies (shapeshifter) (WizLab)
  18 necromancers
  17 wolf spiders
  An orc sorcerer (Elf:1)
  19 manticores
  A mana viper (shapeshifter) (WizLab)
  2 fauns (shapeshifter)
  A stone giant zombie (Crypt:3)
  9 cyclopes
  54 ugly things
  2 shadow dragon skeletons (Crypt:2)
  2 will-o-the-wisps
  2 iron dragon skeletons
  3 salamanders (Depths:1)
  3 shining eyes
  19 moths of wrath
  4 draconians (Abyss:4)
  3 cyclopes (shapeshifter) (WizLab)
  9 fauns
  2 guardian serpents (shapeshifter)
  A moth of wrath (shapeshifter) (WizLab)
  A salamander (shapeshifter) (WizLab)
  9 merfolk sirens
  8 elephants
  Maurice (D:8)
  2 stone giant skeletons
  An apocalypse crab (Zig:8)
  A centaur zombie (Crypt:3)
  20 vault sentinels
  8 black mambas
  5 ice statues
  3 rust devils
  6 smoke demons
  A naga mage (Zig:6)
  3 water nymphs
  10 cane toads
  5 unseen horrors
  2 eyes of devastation (shapeshifter)
  6 torpor snails
  4 eyes of devastation (Slime:4)
  2 hellions
  2 gargoyles
  A green draconian zombie (Crypt:2)
  4 rime drakes
  A rime drake (shapeshifter) (WizLab)
  A dire elephant skeleton (Crypt:3)
  13 hellwings (Crypt:3)
  2 kobold demonologists (Abyss:2)
  13 demonic crawlers
  12 freezing wraiths
  A pale draconian skeleton (Crypt:2)
  11 komodo dragons
  3 yaktaurs (shapeshifter)
  3 ice devils
  A guardian mummy (Crypt:3)
  5 tengu conjurers
  2 efreet
  2 elves (WizLab)
  4 tormentors
  53 yaktaurs
  2 harpy zombies
  3 ancient zymes
  28 merfolk
  A grey draconian skeleton (Crypt:2)
  A queen bee (shapeshifter) (WizLab)
  12 meliai (Spider:4)
  2 polar bears (shapeshifter) (WizLab)
  5 wind drakes
  A wind drake (shapeshifter) (D:14)
  15 hornets
  A polar bear (Lair:5)
  Prince Ribbit (D:6)
  21 tarantellas
  A hornet (shapeshifter) (WizLab)
  8 trolls
  A hydra skeleton (Crypt:3)
  2 raiju (shapeshifter) (WizLab)
  142 slime creatures
  A tarantella (shapeshifter) (WizLab)
  A death drake skeleton (Crypt:1)
  9 dream sheep
  3 raiju (Abyss:3)
  A jumping spider zombie (Crypt:2)
  13 blink frogs
  A merfolk zombie (Crypt:1)
  2 fire dragon zombies (Crypt:1)
  9 snapping turtles
  7 flying skulls
  31 jumping spiders
  A black mamba zombie (Crypt:2)
  An ettin skeleton (Crypt:3)
  3 ynoxinuls
  2 shadows
  2 air elementals (Elf:3)
  2 ushabtiu (Crypt:3)
  An ice dragon skeleton (Crypt:1)
  16 culicivoras
  9 wyverns
  A fire dragon skeleton (Crypt:2)
  A yak (shapeshifter) (WizLab)
  2 fire bats (Abyss:2)
  19 water elementals
  15 wraiths
  76 yaks
  8 spriggans
  7 hogs (D:15)
  7 basilisks
  A black mamba skeleton (Crypt:2)
  A hog (shapeshifter) (WizLab)
  7 golden eyes
  2 golden eyes (shapeshifter) (WizLab)
  4 humans (WizLab)
  4 chaos spawn
  4 steam dragons
  9 fire elementals
  2 vampire mosquitoes
  5 iron golems
  56 redbacks
  A neqoxec (D:2)
  Menkaure (D:7)
  2 glowing shapeshifter zombies
  3 wargs (Orc:2)
  22 large abominations
  A naga (shapeshifter) (WizLab)
  4 acid dragons
  A glowing orange brain zombie (Crypt:1)
  Edmund (D:6)
  5 floating eyes
  4 nagas (Zig:6)
  2 hydra simulacra
  15 water moccasins
  Duvessa (D:6)
  A hell hound (D:12)
  22 small abominations
  3 sky beasts
  29 orc warriors
  A swamp drake (Lair:5)
  2 black bears
  2 human zombies
  9 starcursed masses
  A black bear (shapeshifter) (WizLab)
  9 wolves
  A blink frog skeleton (Crypt:1)
  A boggart (shapeshifter) (D:14)
  4 boggarts (Vaults:3)
  11 centaurs
  42 ogres
  A swamp dragon skeleton (Crypt:2)
  4 kobold brigands
  A demonspawn simulacrum (Crypt:1)
  10 bullfrogs
  A bullfrog (shapeshifter) (Elf:3)
  3 draconian skeletons
  5 necrophages
  2 gnoll sergeants
  4 earth elementals (Elf:3)
  5 scorpions
  3 wights (D:8)
  6 wyvern skeletons (Crypt:3)
  Dowan (D:6)
  An elephant simulacrum (IceCv)
  3 killer bees (D:7)
  A warg skeleton (Crypt:1)
  7 howler monkeys
  5 electric eels
  A hound (D:7)
  28 orc priests
  Crazy Yiuf (D:7)
  2 jellies (D:6)
  8 iguanas
  An iron imp (Abyss:2)
  Ijyb (D:4)
  4 hell rats (Lair:5)
  34 orc wizards
  A polar bear simulacrum (IceCv)
  A wolf simulacrum (IceCv)
  3 mummies (Tomb:1)
  18 gnolls
  2 adders
  3 shadow imps
  3 ufetubi
  An iguana skeleton (Crypt:2)
  2 worms
  A dart slug (D:4)
  120 orcs
  6 bats
  3 endoplasms
  3 giant cockroaches
  6 hobgoblins
  18 kobolds
  3 quokkas
  7 ball pythons
  4 frilled lizards
  A frilled lizard skeleton (Crypt:1)
  5 goblins
  4 rats
  A bush (Lair:2)
  A fire vortex (Zot:5)
  2 foxfires
  A lurking horror (Abyss:4)
  A starspawn tentacle (Abyss:4)
2774 creatures vanquished.

Vanquished Creatures (collateral kills)
  A Tzitzimitl (Zig:10)
  Frances (D:14)
  A draconian scorcher (Zot:2)
  A balrug (Zig:10)
  A black draconian (Zot:2)
  4 ogres (D:10)
  13 foxfires
22 creatures vanquished.

Vanquished Creatures (others)
  A lindwurm (Lair:3)
  4 dream sheep (D:6)
  A jumping spider (Spider:1)
  A small abomination (Abyss:2)
  An iron imp (Abyss:2)
  8 fire vortices
  2173 foxfires
  25 fungi
  138 plants
  A starspawn tentacle (Abyss:4)
  29 withered plants (Crypt:3)
2382 creatures vanquished.

Grand Total: 5178 creatures vanquished

Table legend:
 A = Non-vault XP
 B = Vault XP
 C = Vault XP percentage of total XP
 D = Non-vault monster count
 E = Vault monster count
 F = Vault count percentage of total count
                 A         B        C        D         E       F
            +---------+---------+-------+---------+---------+-------
      Total |  919982 |  726267 |  44.1 |    1803 |     963 |  34.8
            +---------+---------+-------+---------+---------+-------
        D:1 |      37 |       0 |   0.0 |      23 |       0 |   0.0
        D:2 |      24 |       0 |   0.0 |      10 |       0 |   0.0
        D:3 |      28 |       0 |   0.0 |      12 |       0 |   0.0
        D:4 |     518 |      36 |   6.5 |      25 |       1 |   3.8
        D:5 |     628 |       0 |   0.0 |      26 |       0 |   0.0
        D:6 |     885 |     649 |  42.3 |      15 |       4 |  21.1
        D:7 |     985 |     832 |  45.8 |      34 |       3 |   8.1
        D:8 |    1442 |     458 |  24.1 |      28 |       2 |   6.7
        D:9 |    4131 |    1530 |  27.0 |      30 |       6 |  16.7
       D:10 |    4880 |    6894 |  58.6 |      24 |      39 |  61.9
       D:11 |    5941 |     735 |  11.0 |      28 |      26 |  48.1
       D:12 |    5564 |   20488 |  78.6 |      20 |      30 |  60.0
       D:13 |    1856 |       0 |   0.0 |       4 |       0 |   0.0
       D:14 |    5571 |    9643 |  63.4 |      11 |      18 |  62.1
       D:15 |    8994 |    7144 |  44.3 |      25 |      12 |  32.4
     Lair:1 |    5544 |     933 |  14.4 |      26 |       2 |   7.1
     Lair:2 |    3772 |     743 |  16.5 |      15 |       8 |  34.8
     Lair:3 |    4790 |    2311 |  32.5 |      15 |       4 |  21.1
     Lair:4 |    9543 |       0 |   0.0 |      33 |       0 |   0.0
     Lair:5 |    7713 |   14577 |  65.4 |      36 |      38 |  51.4
   Shoals:1 |   20205 |       0 |   0.0 |      42 |       0 |   0.0
   Shoals:2 |   10391 |    2769 |  21.0 |      21 |       7 |  25.0
   Shoals:3 |   10167 |    3631 |  26.3 |      21 |       2 |   8.7
   Shoals:4 |   15944 |   20487 |  56.2 |      34 |      32 |  48.5
   Spider:1 |   13556 |       0 |   0.0 |      40 |       0 |   0.0
   Spider:2 |   20343 |    1246 |   5.8 |      56 |       1 |   1.8
   Spider:3 |    8108 |       0 |   0.0 |      21 |       0 |   0.0
   Spider:4 |   25798 |   15156 |  37.0 |      58 |      34 |  37.0
    Slime:1 |   12607 |       0 |   0.0 |      28 |       0 |   0.0
    Slime:2 |   15130 |    7470 |  33.1 |      35 |       1 |   2.8
    Slime:3 |    8840 |       0 |   0.0 |      22 |       0 |   0.0
    Slime:4 |   15056 |       0 |   0.0 |      23 |       0 |   0.0
    Slime:5 |   12427 |   16352 |  56.8 |      34 |      17 |  33.3
      Orc:1 |    1535 |     965 |  38.6 |      40 |       7 |  14.9
      Orc:2 |    2923 |   16799 |  85.2 |      30 |      42 |  58.3
      Elf:1 |   18323 |    5755 |  23.9 |      30 |       8 |  21.1
      Elf:2 |   30401 |   22890 |  43.0 |      48 |      30 |  38.5
      Elf:3 |   22600 |   48557 |  68.2 |      39 |      42 |  51.9
   Vaults:1 |   29477 |    8035 |  21.4 |      44 |      14 |  24.1
   Vaults:2 |   27324 |   46436 |  63.0 |      37 |      48 |  56.5
   Vaults:3 |   27945 |   21101 |  43.0 |      46 |      30 |  39.5
   Vaults:4 |   33612 |   33205 |  49.7 |      54 |      38 |  41.3
   Vaults:5 |   22858 |   86308 |  79.1 |      31 |      79 |  71.8
    Crypt:1 |   38775 |       0 |   0.0 |      62 |       0 |   0.0
    Crypt:2 |   20941 |    1030 |   4.7 |      36 |       2 |   5.3
    Crypt:3 |       0 |   66149 | 100.0 |       0 |     101 | 100.0
     Tomb:1 |    6056 |    4433 |  42.3 |      14 |       3 |  17.6
   Depths:1 |   32634 |   11053 |  25.3 |      40 |      15 |  27.3
   Depths:2 |   15707 |   12664 |  44.6 |      20 |      12 |  37.5
   Depths:3 |   34142 |    7741 |  18.5 |      41 |      19 |  31.7
   Depths:4 |   38966 |   19595 |  33.5 |      43 |      19 |  30.6
      Zot:1 |   35514 |       0 |   0.0 |      29 |       0 |   0.0
      Zot:2 |   29646 |   24086 |  44.8 |      24 |      16 |  40.0
      Zot:3 |   26224 |    2427 |   8.5 |      22 |       1 |   4.3
      Zot:4 |   38858 |   14000 |  26.5 |      32 |       3 |   8.6
      Zot:5 |   23038 |   86962 |  79.1 |      20 |      38 |  65.5
    Abyss:2 |   13428 |       0 |   0.0 |      46 |       0 |   0.0
    Abyss:3 |    2576 |       0 |   0.0 |       6 |       0 |   0.0
    Abyss:4 |    6848 |   11880 |  63.4 |      12 |      13 |  52.0
      Zig:1 |     712 |       0 |   0.0 |       4 |       0 |   0.0
      Zig:2 |    1591 |       0 |   0.0 |       2 |       0 |   0.0
      Zig:3 |    2808 |       0 |   0.0 |       4 |       0 |   0.0
      Zig:4 |    4762 |       0 |   0.0 |       9 |       0 |   0.0
      Zig:5 |    5218 |       0 |   0.0 |       8 |       0 |   0.0
      Zig:6 |    6086 |       0 |   0.0 |      12 |       0 |   0.0
      Zig:7 |   10827 |       0 |   0.0 |       8 |       0 |   0.0
      Zig:8 |   13346 |       0 |   0.0 |      11 |       0 |   0.0
      Zig:9 |   15456 |    2350 |  13.2 |      10 |       4 |  28.6
     Zig:10 |   17407 |       0 |   0.0 |      14 |       0 |   0.0
      IceCv |       0 |    1971 | 100.0 |       0 |       8 | 100.0
     WizLab |       0 |   35791 | 100.0 |       0 |      84 | 100.0
            +---------+---------+-------+---------+---------+-------

Illustrated notes

Table legend:
 A = Kills in this place as a percentage of kills in entire the game.
 B = Kills by you in this place as a percentage of kills by you in the entire game.
 C = Kills by friends in this place as a percentage of kills by friends in the entire game.
 D = Other kills in this place as a percentage of other kills in the entire game.
 E = Experience gained in this place as a percentage of experience gained in the entire game.
 F = Experience gained in this place divided by the number of levels of this place that you have seen.
                   A       B       C       D       E      F
               +-------+-------+-------+-------+-------+----------------------
         Total | 100.0 | 100.0 | 100.0 | 100.0 | 100.0 | 22699.4
       Dungeon |  16.9 |  16.7 |  55.6 |  50.0 |   6.0 | 6599.5
          Lair |   6.4 |   6.4 |   0.0 |  25.0 |   3.0 | 9985.2
        Shoals |   5.7 |   5.7 |   0.0 |   0.0 |   5.0 | 20898.5
   Spider Nest |   7.6 |   7.6 |   0.0 |  25.0 |   5.1 | 21051.8
    Slime Pits |   5.8 |   5.8 |   0.0 |   0.0 |   5.3 | 17576.4
  Orcish Mines |   4.3 |   4.3 |   0.0 |   0.0 |   1.3 | 11111.0
   Elven Halls |   7.1 |   7.1 |   0.0 |   0.0 |   9.0 | 49508.7
        Vaults |  15.1 |  15.2 |   0.0 |   0.0 |  20.3 | 67260.2
         Crypt |   7.2 |   7.3 |   0.0 |   0.0 |   7.7 | 42298.3
          Tomb |   0.6 |   0.6 |   0.0 |   0.0 |   0.6 | 10489.0
        Depths |   7.5 |   7.6 |   0.0 |   0.0 |  10.4 | 43125.5
           Zot |   6.7 |   6.7 |  22.2 |   0.0 |  17.0 | 56493.0
         Abyss |   2.8 |   2.8 |   0.0 |   0.0 |   2.1 | 8683.0
      Ziggurat |   3.1 |   3.0 |  22.2 |   0.0 |   4.9 | 8056.3
      Ice Cave |   0.3 |   0.3 |   0.0 |   0.0 |   0.1 | 1971.0
        Wizlab |   3.0 |   3.0 |   0.0 |   0.0 |   2.2 | 35791.0
               +-------+-------+-------+-------+-------+----------------------

Table legend: (Time is in decaauts)
 A = Elapsed time spent in this place.
 B = Non-inter-level travel time spent in this place.
 C = Inter-level travel time spent in this place.
 D = Time resting spent in this place.
 E = Time spent auto-exploring this place.
 F = Levels seen in this place.
 G = Mean time per level.
                   A        B        C        D        E       F      G
               +--------+--------+--------+--------+--------+-----+--------+
         Total | 108593 |  99146 |   9447 |  19675 |  59813 |  73 | 1487.6 |
       Dungeon |  24668 |  20965 |   3703 |   3355 |  14467 |  15 | 1644.5 |
        Temple |     34 |     27 |      7 |      0 |      6 |   1 |   34.0 |
          Lair |   8062 |   7406 |    656 |    588 |   5607 |   5 | 1612.4 |
        Shoals |   7084 |   6664 |    420 |    843 |   4789 |   4 | 1771.0 |
   Spider Nest |   7497 |   7334 |    163 |   1910 |   3791 |   4 | 1874.2 |
    Slime Pits |   4829 |   4642 |    187 |   2131 |   1520 |   5 |  965.8 |
  Orcish Mines |   3072 |   2750 |    322 |    265 |   1823 |   2 | 1536.0 |
   Elven Halls |   7593 |   7225 |    368 |   1446 |   4195 |   3 | 2531.0 |
        Vaults |  15307 |  13686 |   1621 |   2716 |   8632 |   5 | 3061.4 |
         Crypt |   5889 |   5216 |    673 |     32 |   3641 |   3 | 1963.0 |
          Tomb |    242 |    242 |      0 |     15 |     78 |   1 |  242.0 |
        Depths |   8206 |   7365 |    841 |    991 |   5062 |   4 | 2051.5 |
           Zot |  12421 |  11940 |    481 |   4602 |   5075 |   5 | 2484.2 |
         Abyss |   1021 |   1021 |      0 |     51 |    283 |   4 |  255.2 |
      Ziggurat |   1190 |   1190 |      0 |    483 |    329 |  10 |  119.0 |
      Ice Cave |    183 |    183 |      0 |      0 |     74 |   1 |  183.0 |
        Wizlab |   1290 |   1290 |      0 |    244 |    439 |   1 | 1290.0 |
               +--------+--------+--------+--------+--------+-----+--------+

Top non-repeatable levels by time:
Vaults:1: 4251 daAuts
   Elf:3: 3995 daAuts
   Zot:4: 3346 daAuts
Vaults:4: 3318 daAuts
Vaults:2: 3275 daAuts
   Zot:3: 3183 daAuts
 Slime:4: 2925 daAuts
 Crypt:3: 2863 daAuts
     D:9: 2817 daAuts
   Zot:5: 2784 daAuts
Vaults:3: 2524 daAuts
Depths:1: 2378 daAuts
Depths:3: 2282 daAuts
    D:14: 2200 daAuts
Spider:4: 2196 daAuts
